Cogmind - Beta 16.1 @@@ ROGUE MODE // 2026.06.17 @ 02:20:58 Player: AngelSpirit Result: Establishing 0b11! Performance ------------- Evolutions (9) 4500 Regions Visited (24) 4800 Robots Destroyed (918) 4590 Value Destroyed (54058) 54058 Prototype IDs (386) 7720 Alien Tech Used (4) 800 Bonus (66583) 66583 TOTAL SCORE: 143051 Bonus ------- Triggered High Security 1000 High Alert Combat Kills 34869 Follower Combat Kills 1933 Hunted by Unchained 1000 Network Hubs Disabled 400 Aligned with FarCom 300 Met Zhirov 300 Built Enhanced Grunts 300 A7 Reached Mainframe 300 Met R17 at Cetus 500 Found Hidden Lab 3000 Met R17 at Research 2000 Scanned by Researcher 500 Destroyed MAIN.C Guards 500 Met MAIN.C 5000 Destroyed MAIN.C Shell 5000 Destroyed MAIN.C 10000 Win 3000 Friendly Fire -3319 Cogmind --------- Core Integrity 301/1600 Matter 300/300 Energy 364/380 System Corruption 0% Temperature Cool (8) Movement Walking (110) Location 0b11 Command Parts ------- > --- POWER (2) -------- Zero-point Reactor Zero-point Reactor > --- PROPULSION (6) --- High-density Centrium Leg High-density Centrium Leg High-density Centrium Leg High-density Centrium Leg Experimental Biometal Leg Experimental Biometal Leg > --- UTILITY (10) ----- Experimental Cooling System High-capacity Storage Unit Experimental Targeting Computer Experimental Targeting Computer Experimental Target Analyzer Experimental Core Analyzer Advanced Recoil Stabilizer Advanced Kinecellerator Experimental Reaction Control System AEGIS Remote Shield > --- WEAPON (8) ------- Multirail Multirail Multirail Multirail Multirail Multirail Multirail Multirail > --- INVENTORY (20) --- Zero-point Reactor Zero-point Reactor Centrium Leg Centrium Leg Centrium Leg Centrium Leg Experimental Cooling System Experimental Energy Well (600) Experimental Matter Compressor (500) Experimental Matter Compressor (500) Experimental Weapon Cycler Experimental Powered Armor Advanced Force Field Long-range Tractor Beam Transdimensional Reconstructor Railgun Railgun Helical Railgun Helical Railgun Helical Railgun Peak State ------------ > --- POWER ------------ Zero-point Reactor Zero-point Reactor > --- PROPULSION ------- High-density Centrium Leg High-density Centrium Leg High-density Centrium Leg High-density Centrium Leg Experimental Biometal Leg Experimental Biometal Leg > --- UTILITY ---------- Experimental Cooling System High-capacity Storage Unit Experimental Targeting Computer Experimental Core Analyzer Advanced Recoil Stabilizer Advanced Kinecellerator Experimental Weapon Cycler Experimental Reaction Control System AEGIS Remote Shield Experimental System Purifier > --- WEAPON ----------- Multirail Multirail Multirail Multirail Multirail Multirail Multirail Multirail > --- INVENTORY -------- Zero-point Reactor Zero-point Reactor Centrium Leg Centrium Leg Centrium Leg Centrium Leg Experimental Cooling System Experimental Energy Well Experimental Matter Compressor Experimental Matter Compressor Experimental Powered Armor Advanced Force Field Long-range Tractor Beam Transdimensional Reconstructor Helical Railgun Helical Railgun Helical Railgun [Rating: 279] Favorites ----------- Power Quantum Reactor Engine Cooled Ion Engine Power Core Fission Core Reactor Quantum Reactor Propulsion Enhanced Biometal Leg Leg Enhanced Biometal Leg Utility High-capacity Storage Unit Device Weapon Mount Storage High-capacity Storage Unit Processor Advanced Salvage Targeting Computer Hackware Experimental Hacking Suite Protection Medium Regenerative Plating Weapon KE Penetrator Energy Gun Phase Gun Energy Cannon Cooled Phase Cannon Ballistic Gun KE Penetrator Ballistic Cannon Light Cannon Launcher Containment Facilitator Special Weapon Mining Laser Impact Weapon Great Maul Slashing Weapon Power Sword Build | -11 -10 -10 -10 -9 -8 -8 -8 -6 -6 -6 -6 -6 -5 -5 -5 -5 -4 -4 -4 -4 -3 -2 -1 -1 ------- Run | Yrd Mat Min Exi Min Mat Sto Rec Fac Ext Cet Arc Hub Fac Upp Upp Zhi Pro Fac Arm Lab Res Res Acc Com Slots Evolved 18 | . . . . . 4 . . 4 . . . . 2 . . . . 2 . . 2 2 2 . Power 1 | . . . . . . . . . . . . . 1 . . . . . . . . . . . Propulsion 4 | . . . . . 2 . . 1 . . . . . . . . . . . . 1 . . . Utility 8 | . . . . . 1 . . 2 . . . . . . . . . 2 . . . 2 1 . Weapon 5 | . . . . . 1 . . 1 . . . . 1 . . . . . . . 1 . 1 . Parts Attached 452 | 8 10 4 . 1 20 11 2 9 7 12 5 17 17 3 1 4 3 14 38 3 34 21 73 135 Power 45 | 1 1 . . . 1 3 . 1 . 1 . 2 1 . . 1 . 1 4 . 8 2 7 11 Engine 5 | 1 . . . . 1 3 . . . . . . . . . . . . . . . . . . Core 2 | . 1 . . . . . . 1 . . . . . . . . . . . . . . . . Reactor 38 | . . . . . . . . . . 1 . 2 1 . . 1 . 1 4 . 8 2 7 11 Propulsion 80 | 2 2 1 . . 7 3 . 3 4 2 . 6 . . . 2 1 1 8 . 6 3 8 21 Treads . | . . . . . . . . . . . . . . . . . . . . . . . . . Leg 80 | 2 2 1 . . 7 3 . 3 4 2 . 6 . . . 2 1 1 8 . 6 3 8 21 Wheel . | . . . . . . . . . . . . . . . . . . . . . . . . . Hover . | . . . . . . . . . . . . . . . . . . . . . . . . . Flight . | . . . . . . . . . . . . . . . . . . . . . . . . . Utility 157 | 2 2 1 . 1 5 2 . 2 2 5 4 7 12 2 1 1 2 7 7 . 10 8 30 44 Device 92 | 1 1 . . 1 1 1 . 1 . 2 2 4 5 1 . . 1 2 4 . 7 5 21 32 Storage 11 | 1 1 . . . 1 . . . 1 . . . 1 . . . . 1 . . . . 2 3 Processor 23 | . . . . . 1 . . . . . . 1 2 1 1 . 1 1 . . 2 2 4 7 Hackware 15 | . . . . . 1 . . . 1 . 2 . 4 . . . . 2 2 . 1 1 1 . Protection 16 | . . 1 . . 1 1 . 1 . 3 . 2 . . . 1 . 1 1 . . . 2 2 Artifact . | . . . . . . . . . . . . . . . . . . . . . . . . . Weapon 170 | 3 5 2 . . 7 3 2 3 1 4 1 2 4 1 . . . 5 19 3 10 8 28 59 Energy Gun 26 | 2 1 . . . . 1 1 . . 1 . . 1 . . . . . . 2 . . 3 14 Energy Cannon 5 | . . . . . . . . . . . . . 1 . . . . 1 1 . 1 . 1 . Ballistic Gun 122 | 1 2 . . . 3 2 1 3 1 3 1 2 2 . . . . 4 18 1 8 8 22 40 Ballistic Cannon 6 | . . 2 . . 1 . . . . . . . . . . . . . . . . . . 3 Launcher 8 | . 1 . . . 2 . . . . . . . . 1 . . . . . . 1 . 2 1 Special Weapon 1 | . 1 . . . . . . . . . . . . . . . . . . . . . . . Impact Weapon 1 | . . . . . 1 . . . . . . . . . . . . . . . . . . . Slashing Weapon 1 | . . . . . . . . . . . . . . . . . . . . . . . . 1 Piercing Weapon . | . . . . . . . . . . . . . . . . . . . . . . . . . Special Melee Weapon . | . . . . . . . . . . . . . . . . . . . . . . . . . Unidentified Prototypes 65 | . . . . 1 2 3 1 . . 6 . 6 4 . . 3 . 3 2 2 10 3 7 12 Corrupted Parts 4 | . . . . . . . . . . . . . . . . . . . . . 2 1 1 . System Corruption 11 | . . . . . . . . . . . . . . . . . . . . . 5 5 1 . Parts Lost 102 | . 2 5 . . 1 . . . . . . 3 1 . 2 . 1 1 8 . 14 1 24 39 Power 6 | . . 1 . . . . . . . . . 1 . . 1 . . . 1 . 1 . 1 . Propulsion 9 | . . 1 . . . . . . . . . 1 . . . . . . 1 . 1 1 1 3 Utility 23 | . 1 1 . . 1 . . . . . . . . . . . . 1 1 . 2 . 7 9 Weapon 64 | . 1 2 . . . . . . . . . 1 1 . 1 . 1 . 5 . 10 . 15 27 Highest Loss Streak 13 | . 2 3 . . 1 . . . . . . 3 1 . 2 . 1 1 2 . 4 1 13 9 To Critical Strikes 3 | . . . . . . . . . . . . . . . . . . . . . . 1 . 2 Average Backups 16 | . 6 9 8 10 13 15 14 15 16 19 19 19 18 18 18 19 19 18 18 15 18 19 16 17 Power 1 | . . . 1 1 1 1 1 1 . 2 2 1 . . . . . . . . . 1 1 2 Propulsion 1 | . . . 1 1 . . . . 2 2 2 1 1 1 1 . . . . . . 2 1 1 Utility 8 | . 1 4 4 6 6 5 5 5 4 5 8 10 12 12 13 14 14 10 10 10 11 12 8 8 Weapon 4 | . 3 3 2 2 5 8 8 9 9 8 6 5 5 5 4 4 3 6 6 3 3 1 3 4 Tool/Special . | . . . . . . . . . . . . . . . . . . . . . . . . . Unused Backups 75 | . 1 . . . 3 5 . . 3 6 . 1 2 . 1 . . . 5 . 1 5 7 35 Power 19 | . . . . . . 1 . . 1 1 . 1 . . . . . . . . . . 2 13 Propulsion 13 | . . . . . . . . . 1 1 . . . . . . . . . . . 3 . 8 Utility 28 | . 1 . . . 3 1 . . 1 . . . 2 . 1 . . . 1 . 1 2 4 11 Weapon 14 | . . . . . . 3 . . . 4 . . . . . . . . 4 . . . 1 2 Tool/Special 1 | . . . . . . . . . . . . . . . . . . . . . . . . 1 Average Slot Usage (%) 95 | . 97 85 85 85 96 99 100 87 93 97 99 99 99 100 94 97 99 99 97 70 90 96 96 97 Engine 1 | . 1 . . . 7 8 9 2 . . . . . . . . . . . . . . . . Reactor 6 | . . . . . . . . . . . 6 6 10 11 6 8 11 10 9 10 8 8 6 6 Leg 26 | . 28 28 28 28 35 35 36 30 33 33 33 32 29 29 29 29 29 26 25 21 24 24 22 22 Device 12 | . 13 1 . . 6 1 . 5 . . 7 9 . 5 4 5 4 9 10 15 13 17 23 23 Storage 5 | . 14 14 14 14 9 9 9 6 6 6 6 6 5 5 5 5 5 5 5 5 4 4 3 3 Processor 7 | . . . . . . . . . . . . 2 14 17 17 17 17 10 8 5 6 10 6 10 Hackware 3 | . . . . . 8 9 9 6 12 10 5 6 1 . . . . 4 5 5 6 3 1 . Protection 2 | . . 4 14 14 1 7 9 6 6 12 11 6 4 . . . . 4 5 4 . . 1 . Energy Gun 1 | . 2 . . . . . . . . . . . . . . . . . . . 4 2 . 6 Ballistic Gun 22 | . 24 19 . . 21 26 26 23 26 25 25 25 28 28 27 28 24 22 24 2 16 23 25 20 Peak Build Rating 279 | 7 10 10 8 16 35 42 45 68 71 102 104 125 138 133 131 130 130 147 159 159 188 201 242 279 Average Rating 144 | 5 8 8 7 8 29 37 41 57 69 85 98 111 133 130 121 124 125 142 150 117 172 191 208 228 On Entrance 92 | . 7 10 7 8 8 35 41 42 64 71 101 97 125 135 130 120 128 125 144 153 159 171 187 239 Avg Prop Armor Cover (%) 3 | . . . . . . . . . . . . . . . . . . . . . . . 3 . Naked Turns . | . . . . . . . . . . . . . . . . . . . . . . . . . Heaviest Build 170 | 15 20 20 19 19 45 45 42 60 84 97 98 94 119 113 113 108 116 142 142 130 131 139 170 164 Greatest Support 186 | 20 20 20 20 20 55 57 54 75 90 98 98 134 134 134 134 134 138 148 150 150 180 178 178 186 Greatest Overweight (x) 1 | . . . . . 1 . . . . 1 . 1 . . . . . 1 1 . . . . 1 Average Overweight (x) . | . . . . . . . . . . . . . . . . . . . . . . . . . Largest Inventory Capacity 25 | 8 10 10 10 10 15 15 15 15 20 20 20 20 20 20 20 20 20 20 20 20 20 20 25 20 Average Capacity 18 | 6 9 10 10 10 14 15 15 15 19 20 20 20 20 20 20 20 20 20 20 20 20 20 20 20 Most Carried 20 | 1 10 10 10 10 15 15 15 15 20 20 20 20 20 19 20 20 20 20 20 20 20 20 20 20 Average Carried 17 | . 6 9 8 9 13 14 14 15 16 19 19 19 19 19 19 19 19 19 19 15 19 19 17 18 Final Capacity 20 | 8 10 10 10 10 15 15 15 15 20 20 20 20 20 20 20 20 20 20 20 20 20 20 20 20 Final Carried 20 | 1 9 8 10 10 15 15 15 15 20 19 20 20 20 19 20 20 20 20 20 20 20 19 20 20 Class Distribution -------------------- 36% | Scavenger-Executioner 21% | Scavenger-Gunner 11% | Scavenger-Skirmisher 8% | Commander-Skirmisher 6% | Mutant 4% | Hacker-Executioner 3% | Scavenger-Mutant Dominant Class ---------------- Mutant | -10/Materials Scavenger-Mutant | -10/Mines Mutant | -10/Exiles Mutant | -9/Mines Scavenger-Skirmisher | -8/Materials Commander-Skirmisher | -8/Storage Commander-Skirmisher | -8/Recycling Commander-Skirmisher | -6/Factory Commander-Skirmisher | -6/Extension Commander-Tank | -6/Cetus Scavenger-Tank | -6/Archives Scavenger-Skirmisher | -6/Hub_04(d) Scavenger-Gunner | -5/Factory Scavenger-Gunner | -5/Upper Caves Scavenger-Gunner | -5/Upper Caves Scavenger-Gunner | -5/Zhirov Scavenger-Gunner | -4/Proximity Caves Scavenger-Gunner | -4/Factory Scavenger-Gunner | -4/Armory Mutant | -4/Lab Hacker-Executioner | -3/Research Scavenger-Executioner | -2/Research Scavenger-Executioner | -1/Access Scavenger-Executioner | -1/Command Resources | -11 -10 -10 -10 -9 -8 -8 -8 -6 -6 -6 -6 -6 -5 -5 -5 -5 -4 -4 -4 -4 -3 -2 -1 -1 ----------- Run | Yrd Mat Min Exi Min Mat Sto Rec Fac Ext Cet Arc Hub Fac Upp Upp Zhi Pro Fac Arm Lab Res Res Acc Com Matter Collected 45272 | 251 563 291 . 52 1029 537 99 398 929 443 566 1950 1475 360 219 52 580 1690 5350 . 2003 1909 10083 14443 Remotely 14057 | . . . . . . . . . . . 148 296 527 69 111 . . 890 2108 . 251 666 4629 4362 Salvage Created 64584 | 32 686 191 . 34 1399 630 212 311 363 531 444 2296 1824 451 214 128 649 1970 5750 . 3029 3641 18535 21264 Parts 2686 | 7 50 17 . 8 92 41 11 13 11 39 24 128 87 23 19 2 28 107 287 . 126 165 694 707 Haulers Intercepted 26 | . 2 . . . 6 4 . 1 . . . . 2 . . . 1 2 . . . 3 5 . Recyclers Shooed 12 | 1 . . . . . 1 . . 2 . . . 2 . . . . 1 . . . 2 3 . Parts Field Recycled . | . . . . . . . . . . . . . . . . . . . . . . . . . Retrieved Matter . | . . . . . . . . . . . . . . . . . . . . . . . . . Parts Self-Destructed 60 | . . . . . . . . . . . . . . 20 12 2 26 . . . . . . . Prevented . | . . . . . . . . . . . . . . . . . . . . . . . . . Parts Restored 1 | . . . . . . . . . . . . . . . . . . . . . . . . 1 Broken 1 | . . . . . . . . . . . . . . . . . . . . . . . . 1 Kills | -11 -10 -10 -10 -9 -8 -8 -8 -6 -6 -6 -6 -6 -5 -5 -5 -5 -4 -4 -4 -4 -3 -2 -1 -1 ------- Run | Yrd Mat Min Exi Min Mat Sto Rec Fac Ext Cet Arc Hub Fac Upp Upp Zhi Pro Fac Arm Lab Res Res Acc Com Combat Hostiles Destroyed 736 | . 13 7 . . 26 10 4 3 3 6 2 32 23 10 11 . 16 24 78 . 47 35 173 213 Melee 2 | . . . . . 1 . . . . . . . . . . . . . 1 . . . . . Guns 664 | . 13 1 . . 8 6 4 3 3 6 2 30 23 6 2 . 10 20 76 . 37 35 172 207 Cannons 19 | . . 1 . . 10 . . . . . . . . . . . . . . . 3 . . 5 AOE 47 | . . 5 . . 7 4 . . . . . 1 . 4 9 . 6 4 . . 7 . . . Classes Destroyed 27 | 1 7 1 . . 3 . 1 . . . . 2 . 1 . . 1 . 4 . 2 . 3 1 Worker 40 | . 1 . . . 4 . . . . . . 1 1 . . . . 2 . . . 2 13 16 Builder 31 | . . 1 . . 4 1 . . . . . 2 1 . . . . 2 . . . 2 18 . Tunneler 9 | 2 . 1 . 2 1 . . . . . . 2 1 . . . . . . . . . . . Hauler 26 | . 2 . . . 6 4 . 1 . . . . 2 . . . 1 2 . . . 3 5 . Recycler 16 | . 1 . . . . . . . 1 . . 1 . . . . . . . . 1 2 6 4 Mechanic 13 | . . . . . . . . . . . . . . . . . . . . . . . 7 6 Operator 19 | . 1 . . . . 2 . . 1 . 6 . 2 . . . . 1 1 . . 1 2 2 Drone 2 | . . . . . . . . . . . . . . . . . 2 . . . . . . . Watcher 32 | . 3 . . . 2 1 . 1 1 . . 2 2 . . . . 1 3 . . 2 9 5 Swarmer 70 | . 3 3 . . 4 4 . . . . . 4 5 4 9 . 9 4 4 . 11 2 . 4 Saboteur 24 | . . . . . . . . . . . . . . . . . . . 5 . 1 . 5 13 Grunt 253 | . 10 4 . . 16 1 . 3 1 . . 13 12 4 2 . 5 10 23 . 11 13 72 53 Brawler 26 | . . . . . 1 . . . . . . . 1 . . . . . . . . 2 11 11 Duelist 23 | . . . . . . . . . . . . . . . . . . . 2 . . . 11 10 Protector 21 | . . . . . . . . . . . . 1 . . . . . . . . . . 10 10 Sentry 48 | . . . . . 4 5 2 . 2 . 2 4 1 1 . . . 3 8 . 1 2 9 4 Demolisher 5 | . . . . . . . . . . . . . . . . . . . 1 . 3 . . 1 Specialist 20 | . . . . . . . . . . . . 1 . . . . . . 15 . . . . 4 Hunter 59 | . . . . . 1 . . 1 . . . 3 2 . . . . . 4 . 3 7 10 28 Programmer 99 | . . . . . . . 1 . . . . 2 2 . . . . 7 15 . 4 9 29 30 Heavy 3 | . . . . . . . . . . . . . . . . . . . . . . . 1 2 Behemoth 10 | . . . . . . . . . . . . . . . . . . . 1 . . . 5 4 Cetus Guard 6 | . . . . . . . . . . 6 . . . . . . . . . . . . . . M Guard 2 | . . . . . . . . . . . . . . . . . . . . . . . . 2 Lightning 4 | . . . . . . . . . . . . 4 . . . . . . . . . . . . Combat Programmer 2 | . . . . . . . . . . . . . . . . . . . . . . . . 2 Investigator 5 | . . . . . . . . . . . . . . . . . . . . . . . 2 3 Striker 28 | . . . . . . . . . . . . . . . . . . . . . 11 . 3 14 Executioner 26 | . . . . . . . . . . . . . . . . . . . . . 2 . 7 17 Alpha 7 2 | . . . . . . . . . . . . . . . . . . . . . . . . 2 Decomposer 2 | . . . . . . . . . . . . . . 2 . . . . . . . . . . Guerrilla 1 | . . . . . . . . . . . 1 . . . . . . . . . . . . . Mutant 1 | . . . . . . . . . . . . . . 1 . . . . . . . . . . Best Kill Streak 37 | 2 4 6 . 2 16 4 2 2 2 3 2 9 5 4 6 . 5 9 9 . 6 12 30 37 Combat Bots Only 37 | . 3 5 . . 8 4 2 2 2 3 2 6 4 4 6 . 5 5 9 . 6 7 28 37 Max Kills in Single Turn 5 | 1 1 3 . 1 5 4 1 1 1 1 1 3 4 2 3 . 3 5 2 . 4 2 5 4 Gunslinging 2 | . . . . . . . . . . . . 1 1 1 . . 1 . 1 . 1 1 2 2 Exploded 4 | . . 3 . . 3 4 . . . . . 1 . 2 3 . 3 4 . . 4 . . . Melee 1 | . . . . . 1 . . . . . . . . . . . . . 1 . . . . . Uniques/NPCs Destroyed 4 | . . . . . . . 1 . . 1 . . . . . . . . . . . . . 2 01-MTF (-8/Recycling) A7 (-6/Cetus) MAIN.C Shell (-1/Command) MAIN.C (-1/Command) Combat | -11 -10 -10 -10 -9 -8 -8 -8 -6 -6 -6 -6 -6 -5 -5 -5 -5 -4 -4 -4 -4 -3 -2 -1 -1 -------- Run | Yrd Mat Min Exi Min Mat Sto Rec Fac Ext Cet Arc Hub Fac Upp Upp Zhi Pro Fac Arm Lab Res Res Acc Com Hostile Shots Fired 3747 | . 68 42 . . 86 28 3 16 50 13 . 138 57 12 23 . 39 60 603 . 289 172 925 1123 Missed 1417 | . 20 10 . . 27 11 . 6 17 6 . 41 11 2 7 . 17 23 227 . 141 61 413 377 Deflected 3 | . . . . . . . . . . . . . . . . . . . . . 3 . . . Hits 2330 | . 48 32 . . 59 17 3 10 33 7 . 97 46 10 16 . 22 37 376 . 148 111 512 746 Melee 40 | . . . . . . . . . . . . . . . . . . . 6 . 14 . 8 12 Projectile 2290 | . 48 32 . . 59 17 3 10 33 7 . 97 46 10 16 . 22 37 370 . 134 111 504 734 AOE 16 | . . . . . . . . . . . . . . . . . . . . . 10 . 2 4 Critical Strikes 122 | . . . . . 2 . . 1 1 . . 9 3 . . . 2 3 16 . 8 13 24 40 Actively Blocked 9 | . . . . . . . . . . . . . . . . . . . . . . . 6 3 Part Disruptions 15 | . . . . . . . . . . . . . . . . . . . 2 . . 4 2 7 Damage Taken 33599 | . 519 431 . . 708 263 41 154 561 156 . 2045 837 194 192 . 453 438 4498 . 3766 1122 5909 11312 Core 2079 | . 120 67 . . 52 28 . . 26 . . 74 38 22 29 . 26 19 177 . 162 46 391 802 Absorbed by Shields 14804 | . . . . . 107 30 . 8 . 52 . . . . . . . 462 1260 . 943 1111 5042 5789 Redirected to Shielding 135 | . . . . . . . . . . . . . . . . . . . . . . . 135 . Ignored by Resistances 2964 | . . . . . . . . . . . . 290 . . . . . . 399 . 71 235 562 1407 Regen/Repaired (Parts) 1871 | . . . . . . 85 . . . 15 59 414 432 . . . 4 77 643 . . . 142 . Core Remaining (%) 74 | 100 . . . 25 . . 85 . . . . 88 . . . . 88 . . 82 87 96 . 18 Volleys Fired 1750 | 4 65 29 . 4 81 37 6 20 42 27 29 79 50 16 9 3 16 71 183 3 118 79 369 410 Largest 8 | 2 2 2 . 2 3 3 3 4 4 4 4 4 5 5 5 1 5 5 5 1 6 7 8 8 Hottest 672 | 70 100 60 . 60 108 78 78 106 106 240 131 140 173 173 173 120 179 175 200 40 325 314 330 672 Shots Fired 7344 | 8 119 46 . 8 196 95 18 72 168 105 116 291 191 64 19 3 55 231 728 3 413 377 1813 2205 Gun 7036 | 8 114 38 . . 127 94 18 72 168 105 116 291 191 60 13 3 51 206 711 . 356 377 1776 2141 Cannon 212 | . . 5 . 8 64 . . . . . . . . . . . . 23 17 3 53 . 18 21 Launcher 93 | . 2 3 . . 5 1 . . . . . . . 4 6 . 4 2 . . 4 . 19 43 Special 3 | . 3 . . . . . . . . . . . . . . . . . . . . . . . Kinetic 6766 | 4 95 43 . 8 191 94 18 72 168 104 116 291 191 60 13 1 50 206 711 . 281 349 1776 1924 Thermal 416 | 4 22 . . . . . . . . 1 . . . . . 2 1 22 17 3 67 28 18 231 Explosive 35 | . 2 3 . . 5 1 . . . . . . . 4 6 . 4 2 . . 4 . 4 . Electromagnetic 127 | . . . . . . . . . . . . . . . . . . 1 . . 61 . 15 50 Robot Hit Streak 73 | 3 12 4 . 3 14 11 15 13 9 8 16 11 27 6 10 13 8 16 29 . 13 26 73 63 Robot Miss Streak 8 | 1 4 2 . 3 5 4 1 4 4 4 4 4 4 2 1 1 5 3 6 . 6 4 8 5 Penetration Max 3 | . . . . . 1 . . 1 1 1 1 2 1 1 1 1 1 1 3 . 3 1 2 2 Secondary Targets 199 | . 1 . . . . . . 2 . 2 1 6 2 1 . . 3 4 16 . 9 11 57 84 Max Gunslinging Chain 3 | . 1 . . . . . . 1 . 1 1 1 1 1 . . 1 1 2 . 2 2 3 2 Shots Hit Robots 4673 | 5 75 30 . 3 110 54 14 52 86 67 69 169 102 29 15 2 32 114 432 . 232 229 1228 1524 Core Hits 2854 | 3 36 14 . 2 73 29 5 22 25 29 29 90 63 20 15 3 28 72 228 . 141 144 807 976 Critical Kills 205 | . . . . . 1 . 1 . . 6 5 12 11 4 . . 4 18 47 . 5 5 36 50 Critical Parts Destroyed 302 | . 2 1 . . 3 . . . . 4 6 24 14 3 3 . 1 23 88 . 7 3 50 70 Critical Strikes 571 | . 5 1 . . 8 . 1 . . 11 13 36 25 7 4 . 5 41 151 . 14 9 95 145 Burn 15 | . 3 . . . . . . . . . . . . . . . . . . . . . . 12 Destroy 549 | . 2 1 . . 4 . 1 . . 11 13 36 25 7 4 . 5 41 151 . 13 9 95 131 Blast 6 | . . . . . 4 . . . . . . . . . . . . . . . . . . 2 Corrupt 1 | . . . . . . . . . . . . . . . . . . . . . 1 . . . Melee Attacks 6 | . . . . . 4 2 . . . . . . . . . . . . . . . . . . Impact 6 | . . . . . 4 2 . . . . . . . . . . . . . . . . . . Slashing . | . . . . . . . . . . . . . . . . . . . . . . . . . Piercing . | . . . . . . . . . . . . . . . . . . . . . . . . . Sneak Attacks . | . . . . . . . . . . . . . . . . . . . . . . . . . Combat Hostiles . | . . . . . . . . . . . . . . . . . . . . . . . . . Follow-up Attacks . | . . . . . . . . . . . . . . . . . . . . . . . . . Damage Inflicted 151812 | 63 1051 646 . 59 2927 1316 274 1015 1995 1378 1671 4735 3784 1207 1157 92 1465 1999 7483 . 8372 7783 46120 55220 Guns 141662 | 63 980 325 . . 1143 901 267 1015 1919 1378 1671 4094 3584 823 395 92 947 1360 7276 . 6258 7706 45571 53894 Cannons 2905 | . . 54 . 59 703 . . . . . . . . . . . . 97 . . 856 . 41 1095 Explosions 5760 | . 38 267 . . 949 364 . . . . . 620 . 384 762 . 517 542 . . 1258 . 59 . Melee 110 | . . . . . 110 . . . . . . . . . . . . . . . . . . . Ramming 1375 | . 33 . . . 22 51 7 . 76 . . 21 200 . . . 1 . 207 . . 77 449 231 Kinetic 136851 | 25 781 379 . 59 1846 901 267 1015 1919 1378 1671 4094 3584 823 395 . 903 1360 7276 . 5378 6464 45571 50762 Thermal 7757 | 38 199 . . . . . . . . . . . . . . 92 44 33 . . 1982 1242 41 4086 Explosive 4670 | . 38 267 . . 949 364 . . . . . . . 384 762 . 517 542 . . 788 . 59 . Electromagnetic 1049 | . . . . . . . . . . . . 620 . . . . . 64 . . 224 . . 141 Impact 110 | . . . . . 110 . . . . . . . . . . . . . . . . . . . Slashing . | . . . . . . . . . . . . . . . . . . . . . . . . . Piercing . | . . . . . . . . . . . . . . . . . . . . . . . . . Highest Corruption 22 | . . . . . . . . . . . . 13 . . . . . 5 5 3 6 5 8 22 Average Corruption 5 | . . . . . . . . . . . . 11 . . . . . 3 2 3 1 5 1 8 Corruption Purged 45 | . . . . . . . . . . . . . . . . . . . 5 . . . 14 26 Corruption Blocked . | . . . . . . . . . . . . . . . . . . . . . . . . . Effects 353 | . . . . . . . . . . . . 29 . . . . . 21 33 13 9 . 31 217 Message Errors 85 | . . . . . . . . . . . . 7 . . . . . 2 11 3 3 . 10 49 Matter Fused 84 | . . . . . . . . . . . . 7 . . . . . 6 10 3 3 . 5 50 Heat Flow Errors 30 | . . . . . . . . . . . . . . . . . . 2 4 4 2 . 3 15 Energy Discharges 36 | . . . . . . . . . . . . 4 . . . . . 2 3 1 . . 3 23 Parts Rejected 2 | . . . . . . . . . . . . . . . . . . . . . . . . 2 Parts Fused 5 | . . . . . . . . . . . . . . . . . . . 1 . . . . 4 Data Loss (minor) 40 | . . . . . . . . . . . . 4 . . . . . 3 4 1 . . 6 22 Data Loss (major) 18 | . . . . . . . . . . . . 1 . . . . . 2 . 1 . . . 14 Misfires 13 | . . . . . . . . . . . . 1 . . . . . 3 . . 1 . 1 7 Alerts 5 | . . . . . . . . . . . . . . . . . . . . . . . 2 3 Weapon Failures 35 | . . . . . . . . . . . . 5 . . . . . 1 . . . . 1 28 Overload Shots 4 | . . . . . . . . . . 1 . . . . . . . . 1 . 2 . . . Overflow Damage 712 | . . . . . . 55 . . 22 . . . 60 . 67 . 25 90 23 . 54 57 182 77 Projectiles 112 | . . . . . . . . . . . . . . . . . . 49 . . 43 . . 20 Explosions 199 | . . . . . . 55 . . . . . . . . 67 . 25 41 . . 11 . . . Melee 401 | . . . . . . . . . 22 . . . 60 . . . . . 23 . . 57 182 57 Knockbacks 34 | . . 1 . . 14 . . . 2 . . . 2 . . . . . 2 . . . 2 11 Impact 10 | . . . . . 1 . . . 2 . . . 2 . . . . . 2 . . . 2 1 Kinetic 22 | . . 1 . . 11 . . . . . . . . . . . . . . . . . . 10 Secondary 2 | . . . . . 2 . . . . . . . . . . . . . . . . . . . Self-Inflicted Damage 365 | . . 30 . . . 39 . . . . . 89 . . 20 . 50 . . . 137 . . . Shots 7 | . . 1 . . . 1 . . . . . 1 . . 1 . 1 . . . 2 . . . Rammed . | . . . . . . . . . . . . . . . . . . . . . . . . . Targets Rammed 66 | . 3 . . . 3 12 1 . 4 . . 3 6 . . . 1 . 11 . . 1 10 11 Kicked 66 | . 3 . . . 3 12 1 . 4 . . 3 6 . . . 1 . 11 . . 1 10 11 Crushed . | . . . . . . . . . . . . . . . . . . . . . . . . . Highest Temperature 535 | 27 144 15 . . 166 73 64 56 324 208 99 12 348 311 194 76 87 249 535 186 131 394 492 370 Average Temperature 76 | 12 39 6 . . 30 22 24 23 101 77 46 6 100 116 88 39 23 60 109 88 46 64 92 72 Received Heat Transfer 4604 | . 237 210 . . 327 102 9 77 129 . . 204 145 36 27 . 147 49 1801 . 129 64 405 506 Effects 15 | . . . . . . . . . . . . . 3 . . . . . 6 . . . 5 1 Shutdowns 3 | . . . . . . . . . . . . . . . . . . . 1 . . . 2 . Energy Bleed 2 | . . . . . . . . . . . . . . . . . . . . . . . 1 1 Interference 5 | . . . . . . . . . . . . . 2 . . . . . 3 . . . . . Damage (minor) 3 | . . . . . . . . . . . . . 1 . . . . . 2 . . . . . Damage (major) 2 | . . . . . . . . . . . . . . . . . . . . . . . 2 . Siege Activations . | . . . . . . . . . . . . . . . . . . . . . . . . . Martial Activations . | . . . . . . . . . . . . . . . . . . . . . . . . . Shielding Activations 2 | . . . . . . . . . . . . . . . . . . . . . 2 . . . Total Turns 30 | . . . . . . . . . . . . . . . . . . . . . 30 . . . Longest Duration 19 | . . . . . . . . . . . . . . . . . . . . . 19 . . . Robots Disrupted 6 | . . . . . . . . . . . . . . . . . . . . . 6 . . . Combat Hostiles 5 | . . . . . . . . . . . . . . . . . . . . . 5 . . . Robots Corrupted 10 | . . . . . . . . . . . . 2 1 . . . . . 2 . . . 3 2 Combat Hostiles 3 | . . . . . . . . . . . . 1 . . . . . . 1 . . . . 1 Parts Fried 30 | . . . . . . 1 . . . . . 7 5 . . . . . 2 . . 1 10 4 Impact Corruptions 20 | . . . . . . . . . 1 . . . 2 . . . . . 4 . . 2 9 2 Robots Melted . | . . . . . . . . . . . . . . . . . . . . . . . . . Combat Hostiles . | . . . . . . . . . . . . . . . . . . . . . . . . . Parts Melted 79 | . 4 . . . . 1 . . . . . . . . . . . . 4 . 6 8 18 38 Heat Transferred 13205 | 111 777 . . . . . . . . . . . . . . 200 100 50 . . 2718 2625 37 6587 Parts Sabotaged 12 | . . . . . . . . . . . . . . . . . . . . . . . 6 6 Parts Stolen . | . . . . . . . . . . . . . . . . . . . . . . . . . Parts Stripped . | . . . . . . . . . . . . . . . . . . . . . . . . . Power Chain Reactions 12 | . . . . . . . . . . . . . . . . . . . . . 4 . 3 5 Alert | -11 -10 -10 -10 -9 -8 -8 -8 -6 -6 -6 -6 -6 -5 -5 -5 -5 -4 -4 -4 -4 -3 -2 -1 -1 ------- Run | Yrd Mat Min Exi Min Mat Sto Rec Fac Ext Cet Arc Hub Fac Upp Upp Zhi Pro Fac Arm Lab Res Res Acc Com Maximum Alert Level 5 | . . . . . 2 1 1 1 1 1 1 4 3 . . . . 2 5 . 3 4 5 5 Low Security (%) 24 | 100 100 100 . 100 13 66 47 75 83 9 26 2 . . . . . 24 . . 63 . . . Level 1 11 | . . . . . 56 33 52 24 16 90 73 2 . . . . . 16 16 . 5 . . . Level 2 14 | . . . . . 29 . . . . . . 21 92 . . . . 59 14 . 17 46 1 . Level 3 7 | . . . . . . . . . . . . 16 7 . . . . . 13 . 13 43 15 . Level 4 6 | . . . . . . . . . . . . 56 . . . . . . 25 . . 10 10 . Level 5 10 | . . . . . . . . . . . . . . . . . . . 30 . . . 17 24 High Security 25 | . . . . . . . . . . . . . . . . . . . . . . . 54 75 Max Security . | . . . . . . . . . . . . . . . . . . . . . . . . . Sterilizations 1 | . . . . . . . . . . . . . . . . . . . . . . . 1 . Peak Influence 7758 | 5 134 130 . 10 543 326 378 223 290 355 241 1390 839 . . . . 675 1929 . 995 1212 4981 7758 Initial 3187 | . . 6 . . . 217 66 173 100 146 94 61 672 . . . . 12 318 . . 555 724 3187 Average 2044 | 1 49 28 . . 314 190 203 163 116 260 204 1010 559 . . . . 369 1133 . 278 796 2942 6766 Influence Increases 25703 | 10 488 195 . 10 982 683 412 608 718 353 273 2167 948 215 285 10 315 1108 2381 . 1719 1317 5135 5371 Destroy 0b10 Robot/C 15220 | . 260 140 . . 520 220 200 200 400 160 80 900 460 180 220 . 280 500 1580 . 960 700 3300 3960 Destroy 0b10 Robot/NC 1120 | 10 40 10 . 10 85 40 . 10 20 10 30 65 45 . . 10 15 40 20 . 10 60 350 240 Destroy Leader 2672 | . 70 30 . . 126 80 . 44 22 . . 238 78 20 20 . 20 116 336 . 202 150 558 562 Allied During Kill 1373 | . . . . . . 92 122 146 196 159 110 458 . . . . . 44 27 . 19 . . . Trap Triggered on 0b10 160 | . . . . . . 10 . . . . . . 20 . . . . . 10 . . 20 40 60 Successful Hack 529 | . 14 . . . 12 7 . 12 36 . . . 128 . . . . 84 47 . 88 48 53 . Select Force Hacks 290 | . 60 . . . 30 60 90 . . . . 50 . . . . . . . . . . . . Disable Machine 1185 | . 30 . . . 60 75 . . 15 15 45 225 90 . . . . 135 165 . 30 75 45 180 Anti-Garrison Action 150 | . . . . . . . . . . . . . . . . . . . . . . . 150 . Destroy Structure 1444 | . 14 15 . . 29 24 . 1 14 9 8 171 82 . . . . 144 76 . 140 249 294 174 Advance Influence 150 | . . . . . . . . 150 . . . . . . . . . . . . . . . . Partial Spotted 30 | . . . . . . . . . . . . 15 . . . . . . . . 15 . . . Lose Combat Pursuer 1380 | . . . . . 120 75 . 45 15 . . 45 45 15 45 . . 45 120 . 255 15 345 195 Influence Decreases 17615 | 10 470 213 . 10 468 1027 524 461 661 378 333 970 1486 762 425 159 295 477 1111 1921 732 1096 1362 2264 Entered New Map 7116 | . . 12 . . . 297 104 35 105 116 143 116 702 310 55 149 . 8 333 1921 . 432 484 1794 Time Decay 8158 | 10 450 171 . 10 458 580 380 246 445 222 170 474 604 452 350 10 285 439 638 . 552 494 638 80 Lost Part 1000 | . 20 30 . . 10 . . . . . . 30 10 . 20 . 10 10 80 . 140 10 240 390 Lost Ally 741 | . . . . . . . 40 180 111 40 20 200 20 . . . . 20 60 . 40 10 . . Purge Threat 600 | . . . . . . 150 . . . . . 150 150 . . . . . . . . 150 . . Squads Dispatched 167 | . 3 . . . 6 5 . . . . . 15 8 . . . . 5 18 . 7 11 47 42 Investigation 27 | . 2 . . . 3 2 . . . . . 3 3 . . . . 1 2 . 5 1 4 1 Extermination 22 | . . . . . . . . . . . . 2 2 . . . . 3 6 . . 3 5 1 Reinforcement 38 | . 1 . . . 2 3 . . . . . 10 1 . . . . 1 6 . 2 5 3 4 Assault 78 | . . . . . 1 . . . . . . . 2 . . . . . 4 . . 2 33 36 Garrison 2 | . . . . . . . . . . . . . . . . . . . . . . . 2 . Intercept . | . . . . . . . . . . . . . . . . . . . . . . . . . Searches Triggered . | . . . . . . . . . . . . . . . . . . . . . . . . . Unchained Authorized 1 | . . . . . . . . . . . . . . . . . . . . . . 1 . . Construction Impeded 8 | . . . . . . 1 . . . . . 3 . . . . . . . . . 3 1 . Haulers Reinforced 4 | . . . . . . . . . . . . 1 1 . . . . . . . 1 1 . . Active Scanning Responses . | . . . . . . . . . . . . . . . . . . . . . . . . . Cargo Convoy Interrupts . | . . . . . . . . . . . . . . . . . . . . . . . . . Stealth | -11 -10 -10 -10 -9 -8 -8 -8 -6 -6 -6 -6 -6 -5 -5 -5 -5 -4 -4 -4 -4 -3 -2 -1 -1 --------- Run | Yrd Mat Min Exi Min Mat Sto Rec Fac Ext Cet Arc Hub Fac Upp Upp Zhi Pro Fac Arm Lab Res Res Acc Com Distress Signals 48 | . . . . . 1 3 . 1 3 2 . 2 . . . . . 1 1 . 5 1 8 20 Communications Jammed 7 | . . . . . . . . . . . . . . . . . . . . . . . 7 . Distress Signals 7 | . . . . . . . . . . . . . . . . . . . . . . . 7 . Times Spotted 1109 | . 19 7 . . 49 35 6 16 23 8 23 46 30 8 13 2 14 30 86 . 89 44 279 282 Peak Tracking Total 37 | . 3 5 . . 6 6 3 5 5 5 1 7 5 4 5 2 5 5 6 . 11 5 37 26 Tactical Retreats 63 | . . . . . 7 3 . 1 1 . . 3 3 1 3 . . 2 7 . 9 1 12 10 Traps | -11 -10 -10 -10 -9 -8 -8 -8 -6 -6 -6 -6 -6 -5 -5 -5 -5 -4 -4 -4 -4 -3 -2 -1 -1 ------- Run | Yrd Mat Min Exi Min Mat Sto Rec Fac Ext Cet Arc Hub Fac Upp Upp Zhi Pro Fac Arm Lab Res Res Acc Com Traps Triggered 22 | . . . . . 2 2 . 1 . . . 2 . . . . . 1 2 . 3 . 6 3 Indirectly 5 | . . . . . . . . . . . . . . . . . . . . . . . 4 1 Trap Hack Attempts . | . . . . . . . . . . . . . . . . . . . . . . . . . Triggered . | . . . . . . . . . . . . . . . . . . . . . . . . . Disarmed . | . . . . . . . . . . . . . . . . . . . . . . . . . Reprogrammed 1 | . . . . . . . . . . . . . . . . . . . . . 1 . . . Reused 16 | . . . . . . 1 . . . . . . 2 . . . . . 1 . . 2 4 6 Traps Reconfigurated 56 | . . . . . . 5 . 6 . . . . 26 . . . . . 6 . . 2 11 . Traps Extracted 6 | . . . . . . . . . . . . . 6 . . . . . . . . . . . Installed 6 | . . . . . . . . . . . . . . . . . . . . . . . . 6 Triggered 16 | . . . . . . 1 . . . . . . 2 . . . . . 1 . . 2 4 6 Most Traps Carried 6 | . . . . . . . . . . . . . 6 6 6 6 6 6 6 6 6 6 6 6 Machines | -11 -10 -10 -10 -9 -8 -8 -8 -6 -6 -6 -6 -6 -5 -5 -5 -5 -4 -4 -4 -4 -3 -2 -1 -1 ---------- Run | Yrd Mat Min Exi Min Mat Sto Rec Fac Ext Cet Arc Hub Fac Upp Upp Zhi Pro Fac Arm Lab Res Res Acc Com Machines Disabled 86 | . 2 . . . 4 5 . . 1 1 3 15 6 . . 1 . 9 11 1 2 5 8 12 Max in Single Turn 5 | . 1 . . . 1 1 . . 1 1 1 5 1 . . 1 . 3 1 1 1 1 2 1 Garrison Access 9 | . . . . . . . . . . . . . 1 . . . . 1 . . 4 . 3 . Network Hub 2 | . . . . . . . . . . . . 2 . . . . . . . . . . . . Energy Cycler 1 | . . . . . . . . . . . . . . . . . . . . . . . 1 . Machines Repaired . | . . . . . . . . . . . . . . . . . . . . . . . . . Machines Dismantled . | . . . . . . . . . . . . . . . . . . . . . . . . . Machines Sabotaged 1 | . . . . . . . . . . . . 1 . . . . . . . . . . . . Overloaded Fab Kills . | . . . . . . . . . . . . . . . . . . . . . . . . . Hacking | -11 -10 -10 -10 -9 -8 -8 -8 -6 -6 -6 -6 -6 -5 -5 -5 -5 -4 -4 -4 -4 -3 -2 -1 -1 --------- Run | Yrd Mat Min Exi Min Mat Sto Rec Fac Ext Cet Arc Hub Fac Upp Upp Zhi Pro Fac Arm Lab Res Res Acc Com Machines Accessed 105 | . 8 . 2 . 4 9 3 2 13 . . 5 12 1 . 4 . 8 8 . 10 6 10 . Terminals 61 | . 6 . . . 1 6 . 1 13 . . 5 5 . . . . 5 6 . 5 3 5 . Fabricators 9 | . . . . . . . . 1 . . . . 3 . . . . 2 2 . 1 . . . Repair Stations 5 | . . . . . . 1 . . . . . . 2 . . . . . . . . 1 1 . Recycling Units 9 | . 2 . . . 1 2 3 . . . . . . . . . . . . . . . 1 . Scanalyzers 7 | . . . . . 2 . . . . . . . 1 . . . . . . . 1 2 1 . Garrison Access 7 | . . . . . . . . . . . . . 1 . . . . 1 . . 3 . 2 . Total Hacks 327 | . 19 . 2 . 7 15 5 4 20 . . 12 57 1 . 17 . 30 30 . 45 25 38 . Successful 175 | . 9 . 2 . 4 12 4 1 12 . . 5 33 1 . 17 . 15 17 . 23 12 8 . Failed 149 | . 9 . . . 2 3 1 3 8 . . 7 23 . . . . 15 13 . 22 13 30 . Catastrophic 31 | . . . . . . 1 . . 1 . . 3 2 . . . . 5 1 . 4 5 9 . Database Lockouts 3 | . 1 . . . 1 . . . . . . . 1 . . . . . . . . . . . Manual 91 | . 10 . 1 . 1 6 4 . 2 1 . 3 14 . . . . 14 10 . 11 4 10 . Terminals 193 | . 15 . . . 1 10 . 2 20 . . 12 29 . . . . 15 22 . 28 15 24 . Fabricators 35 | . . . . . . . . 2 . . . . 11 . . . . 12 8 . 2 . . . Repair Stations 11 | . . . . . . 2 . . . . . . 4 . . . . . . . . 4 1 . Recycling Units 19 | . 4 . . . 2 3 5 . . . . . . . . . . . . . . . 5 . Scanalyzers 30 | . . . . . 4 . . . . . . . 8 . . . . . . . 10 6 2 . Garrison Access 19 | . . . . . . . . . . . . . 5 . . . . 3 . . 5 . 6 . Terminal Hacks 92 | . 5 . 2 . 1 6 . 1 11 . . 2 14 1 . 17 . 5 9 . 8 6 4 . Record 6 | . . . 1 . . . . . . . . . . . . 5 . . . . . . . . Part Schematic 5 | . . . . . . . . . . . . . 1 . . 4 . . . . . . . . Robot Schematic 1 | . 1 . . . . . . . . . . . . . . . . . . . . . . . Robot Analysis 5 | . . . . . . . . . . . . . . . . 4 . . . . . . 1 . Prototype ID Bank 9 | . 2 . . . . . . . . . . . 1 . . 4 . . 1 . 1 . . . Open Door 13 | . . . . . . . . . 10 . . . . 1 . . . . 2 . . . . . Level Access Points 2 | . . . . . . . . . . . . . . . . . . . . . 1 1 . . Branch Access Points 3 | . . . . . . . . . . . . . 1 . . . . 1 . . . . 1 . Emergency Access Points 2 | . . . . . . . . . . . . . . . . . . . 2 . . . . . Machine Index 1 | . . . . . . . . . . . . . . . . . . . . . 1 . . . Terminal Index 2 | . . . . . . . . . . . . . 1 . . . . . 1 . . . . . Alert Level 8 | . . . . . . . . . . . . 1 2 . . . . 1 1 . . 1 2 . Unreport Threat 4 | . . . . . . 1 . . . . . 1 1 . . . . . . . . 1 . . Locate Traps 12 | . 2 . . . 1 4 . . . . . . 3 . . . . 1 . . . 1 . . Reprogram Traps 1 | . . . . . . . . . . . . . . . . . . . . . 1 . . . Dispatch Records 1 | . . . . . . . . . . . . . . . . . . . . . 1 . . . Hauler Manifests 7 | . . . . . . 1 . 1 1 . . . 2 . . . . 1 . . 1 . . . Registered Components 4 | . . . . . . . . . . . . . 1 . . . . 1 . . 1 1 . . Registered Prototypes 3 | . . . . . . . . . . . . . 1 . . . . . . . 1 1 . . Zone Layout 2 | . . . . . . . . . . . . . . . . . . . 2 . . . . . Proto ID Catalog 1 | . . . 1 . . . . . . . . . . . . . . . . . . . . . Fabricator Hacks 19 | . . . . . . . . . . . . . 8 . . . . 4 5 . 2 . . . Network Status 4 | . . . . . . . . . . . . . 2 . . . . 1 1 . . . . . Load Schematic 7 | . . . . . . . . . . . . . 3 . . . . 1 2 . 1 . . . Build 8 | . . . . . . . . . . . . . 3 . . . . 2 2 . 1 . . . Repair Station Hacks 5 | . . . . . . 2 . . . . . . 2 . . . . . . . . 1 . . Scan Component 3 | . . . . . . 1 . . . . . . 1 . . . . . . . . 1 . . Repair 2 | . . . . . . 1 . . . . . . 1 . . . . . . . . . . . Recycling Unit Hacks 4 | . 1 . . . 1 1 1 . . . . . . . . . . . . . . . . . Retrieve Components 4 | . 1 . . . 1 1 1 . . . . . . . . . . . . . . . . . Scanalyzer 13 | . . . . . 1 . . . . . . . 4 . . . . . . . 5 2 1 . Insert Component 4 | . . . . . . . . . . . . . 1 . . . . . . . 3 . . . Analyze 1 | . . . . . . . . . . . . . 1 . . . . . . . . . . . Retrieve Study 8 | . . . . . 1 . . . . . . . 2 . . . . . . . 2 2 1 . Garrison Access Hacks 6 | . . . . . . . . . . . . . 1 . . . . 1 . . 3 . 1 . Seal Access 6 | . . . . . . . . . . . . . 1 . . . . 1 . . 3 . 1 . Unauthorized Hacks 36 | . 3 . . . 1 3 3 . 1 . . 3 4 . . . . 5 3 . 5 3 2 . Terminals 23 | . 1 . . . . 1 . . 1 . . 3 4 . . . . 3 2 . 5 3 . . Track 2 | . . . . . . . . . . . . . . . . . . . . . 2 . . . Assimilate 2 | . . . . . . . . . . . . . 1 . . . . . . . . 1 . . Botnet 14 | . 1 . . . . 1 . . 1 . . . 3 . . . . 3 1 . 2 2 . . Operators 2 | . . . . . . . . . . . . . . . . . . . 1 . 1 . . . Sabotage 3 | . . . . . . . . . . . . 3 . . . . . . . . . . . . Fabricators 3 | . . . . . . . . . . . . . . . . . . 2 1 . . . . . Prioritize 2 | . . . . . . . . . . . . . . . . . . 1 1 . . . . . Haulers 1 | . . . . . . . . . . . . . . . . . . 1 . . . . . . Repair Stations 1 | . . . . . . . . . . . . . . . . . . . . . . . 1 . Patch 1 | . . . . . . . . . . . . . . . . . . . . . . . 1 . Recycling Units 9 | . 2 . . . 1 2 3 . . . . . . . . . . . . . . . 1 . Mask 1 | . . . . . . . . . . . . . . . . . . . . . . . 1 . Tunnel 8 | . 2 . . . 1 2 3 . . . . . . . . . . . . . . . . . Scanalyzers . | . . . . . . . . . . . . . . . . . . . . . . . . . Garrison Access . | . . . . . . . . . . . . . . . . . . . . . . . . . Data Cores Recovered 5 | . . . . . . . . . . . . . 1 . . . . 1 . . . 1 2 . Used 1 | . . . . . . . . . . . . . . . . . . . . . . . 1 . Hacking Detections 61 | . 3 . . . 4 4 1 2 6 . . 2 10 . . . . 6 3 . 6 5 9 . Full Trace Events 10 | . 1 . . . . . . . . . . . 3 . . . . 1 . . 3 . 2 . Feedback Events . | . . . . . . . . . . . . . . . . . . . . . . . . . Feedback Blocked . | . . . . . . . . . . . . . . . . . . . . . . . . . Robot Schematics Acquired 1 | . 1 . . . . . . . . . . . . . . . . . . . . . . . Robots Built 5 | . . . . . . . . . . . . . 2 . . . . 3 . . . . . . Authchips . | . . . . . . . . . . . . . . . . . . . . . . . . . Time 295 | . . . . . . . . . . . . . 108 . . . . 187 . . . . . . Total Robot Build Rating 23 | . . . . . . . . . . . . . 2 . . . . 21 . . . . . . Part Schematics Acquired 6 | . . . . . . . . . . . . . 2 . . 4 . . . . . . . . Parts Built 5 | . . . . . . . . . . . . . 1 . . . . 1 2 . 1 . . . Authchips 2 | . . . . . . . . . . . . . . . . . . . 2 . . . . . Time 334 | . . . . . . . . . . . . . 62 . . . . 102 102 . 68 . . . Total Part Build Rating 39 | . . . . . . . . . . . . . 7 . . . . 8 16 . 8 . . . Part Studies Acquired 8 | . . . . . 1 . . . . . . . 2 . . . . . . . 2 2 1 . Parts Repaired 2 | . . . . . . 1 . . . . . . 1 . . . . . . . . . . . Time 87 | . . . . . . 38 . . . . . . 49 . . . . . . . . . . . Parts Recycled . | . . . . . . . . . . . . . . . . . . . . . . . . . Recycled Matter . | . . . . . . . . . . . . . . . . . . . . . . . . . Retrieved Matter . | . . . . . . . . . . . . . . . . . . . . . . . . . Retrieved Components 16 | . 1 . . . 3 10 2 . . . . . . . . . . . . . . . . . Parts Scanalyzed 1 | . . . . . . . . . . . . . 1 . . . . . . . . . . . Part Schematics Acquired 1 | . . . . . . . . . . . . . 1 . . . . . . . . . . . Parts Damaged . | . . . . . . . . . . . . . . . . . . . . . . . . . Bothacking | -11 -10 -10 -10 -9 -8 -8 -8 -6 -6 -6 -6 -6 -5 -5 -5 -5 -4 -4 -4 -4 -3 -2 -1 -1 ------------ Run | Yrd Mat Min Exi Min Mat Sto Rec Fac Ext Cet Arc Hub Fac Upp Upp Zhi Pro Fac Arm Lab Res Res Acc Com Used RIF Installer . | . . . . . . . . . . . . . . . . . . . . . . . . . Robots Hacked . | . . . . . . . . . . . . . . . . . . . . . . . . . Non-combat . | . . . . . . . . . . . . . . . . . . . . . . . . . Combat . | . . . . . . . . . . . . . . . . . . . . . . . . . Robot Hacks Applied . | . . . . . . . . . . . . . . . . . . . . . . . . . Relay Couplers Released 4 | . . . . . . . . . . . . . . . . . . . . . 1 . 3 . Machine Destruction 4 | . . . . . . . . . . . . . . . . . . . . . 1 . 3 . Fabnet Peak Effective % . | . . . . . . . . . . . . . . . . . . . . . . . . . Robots Rewired 22 | . . . . . . . 7 . 11 . . . . . . . . . 3 . 1 . . . Allies Hacked . | . . . . . . . . . . . . . . . . . . . . . . . . . Hacks Repelled . | . . . . . . . . . . . . . . . . . . . . . . . . . Allies | -11 -10 -10 -10 -9 -8 -8 -8 -6 -6 -6 -6 -6 -5 -5 -5 -5 -4 -4 -4 -4 -3 -2 -1 -1 -------- Run | Yrd Mat Min Exi Min Mat Sto Rec Fac Ext Cet Arc Hub Fac Upp Upp Zhi Pro Fac Arm Lab Res Res Acc Com Total Allies 57 | . . . . . . 10 7 . 24 5 . . 3 . . . . 3 3 . 1 1 . . Largest Group 15 | . . . . . . 10 15 15 13 13 12 10 1 . . . . 3 3 1 1 1 . . Highest-Rated Group 847 | . . . . . . 173 272 272 440 847 683 613 14 . . . . 141 204 68 68 26 . . Highest-Rated Ally 159 | . . . . . . 29 29 29 159 159 96 96 14 . . . . 47 68 68 68 26 . . Total Orders 17 | . . . . . . 2 2 . . 2 4 1 1 . . . . . 3 2 . . . . STAY 9 | . . . . . . 1 1 . . 1 2 1 . . . . . . 2 1 . . . . FOLLOW 7 | . . . . . . 1 1 . . 1 2 . . . . . . . 1 1 . . . . AID 1 | . . . . . . . . . . . . . 1 . . . . . . . . . . . Ally Attacks 474 | . . . . . . 20 24 63 181 43 25 81 . . . . . 14 11 . 12 . . . Total Damage 9850 | . . . . . . 196 351 849 2779 658 730 2512 . . . . . 474 568 . 733 . . . Kills 66 | . . . . . . 1 7 7 23 4 2 18 . . . . . 1 1 . 2 . . . Allies Corrupted . | . . . . . . . . . . . . . . . . . . . . . . . . . Allies Melted 1 | . . . . . . . . . . . . . . . . 1 . . . . . . . . Intel | -11 -10 -10 -10 -9 -8 -8 -8 -6 -6 -6 -6 -6 -5 -5 -5 -5 -4 -4 -4 -4 -3 -2 -1 -1 ------- Run | Yrd Mat Min Exi Min Mat Sto Rec Fac Ext Cet Arc Hub Fac Upp Upp Zhi Pro Fac Arm Lab Res Res Acc Com Active Infowar (turns) 8342 | 4 1107 58 . 1 . . . . . . . . . 1121 782 244 791 2 . . 2540 1274 414 4 Optics 2564 | . . . . . . . . . . . . . . . . . . . . . 1290 1274 . . Sensors 2941 | . . . . 1 . . . . . . . . . 1121 782 244 791 2 . . . . . . Terrain 1622 | . . . . . . . . . . . . . . . . . . . . . 1482 140 . . Seismic 1169 | 4 1107 58 . . . . . . . . . . . . . . . . . . . . . . Triangulation 1 | . . . . . . . . . . . . . . . . . . . . . . . . 1 Cloaking 1 | . . . . . . . . . . . . . . . . . . . . . . . . 1 Jamming 415 | . . . . . . . . . . . . . . . . . . . . . . 1 414 . ECM 2 | . . . . . . . . . . . . . . . . . . . . . . . . 2 Robot Analysis Total 4 | . . . . . . . . . . . . . . . . 4 . . . . . . . . Derelict Logs Recovered 7 | . . 1 . 1 . . . . . . . . . 2 2 . 1 . . . . . . . Drone Launches . | . . . . . . . . . . . . . . . . . . . . . . . . . Drone Recoveries . | . . . . . . . . . . . . . . . . . . . . . . . . . Exploration | -11 -10 -10 -10 -9 -8 -8 -8 -6 -6 -6 -6 -6 -5 -5 -5 -5 -4 -4 -4 -4 -3 -2 -1 -1 ------------- Run | Yrd Mat Min Exi Min Mat Sto Rec Fac Ext Cet Arc Hub Fac Upp Upp Zhi Pro Fac Arm Lab Res Res Acc Com Turns Passed 35382 | 71 1150 635 322 307 1228 1788 890 536 1265 479 352 1217 1948 1139 787 252 808 1131 2271 626 2692 1310 5043 7135 Spaces Moved 23203 | 41 743 458 267 237 783 1059 641 417 664 219 142 752 1469 1002 710 195 676 740 1132 177 1901 821 3230 4727 Core 4 | 4 . . . . . . . . . . . . . . . . . . . . . . . . Treads . | . . . . . . . . . . . . . . . . . . . . . . . . . Legs 23199 | 37 743 458 267 237 783 1059 641 417 664 219 142 752 1469 1002 710 195 676 740 1132 177 1901 821 3230 4727 Wheels . | . . . . . . . . . . . . . . . . . . . . . . . . . Hover . | . . . . . . . . . . . . . . . . . . . . . . . . . Flight . | . . . . . . . . . . . . . . . . . . . . . . . . . Fastest Speed 50 | 50 120 120 120 120 105 105 105 105 108 110 116 106 105 105 105 105 105 104 104 115 105 104 100 100 Average Speed 108 | 113 120 120 120 120 111 112 105 106 108 115 116 111 107 105 105 105 106 106 114 115 112 105 102 106 Slowest Speed 190 | 120 120 120 120 120 175 116 105 108 110 188 116 190 108 105 105 105 108 178 174 115 116 106 106 173 Overloaded Moves . | . . . . . . . . . . . . . . . . . . . . . . . . . Propulsion Burnouts . | . . . . . . . . . . . . . . . . . . . . . . . . . Robots Hopped . | . . . . . . . . . . . . . . . . . . . . . . . . . Potential Cave-ins 17 | . . . . . . . . . . . . 2 . . . . . 5 . . 4 2 4 . Cave-ins Triggered 1 | . . . . . . . . . . . . . . . . . . . . . . . 1 . Teleports 1 | . . . . . . . . . . . . . . . . . . . . . . . 1 . Exploration Rate (%) 65 | 3 98 93 61 69 54 95 93 15 82 72 76 78 26 96 94 60 81 24 49 87 58 34 72 74 Regions Visited 24 Branch Regions 16 Pre-discovered Areas 14 | . 2 . 1 . 1 2 3 . . . . . . 1 . 3 1 . . . . . . . Known Exits Taken 11 | . . . . 1 1 . . . . . . . 1 1 1 1 1 1 . . 1 1 1 . Unknown Exits Taken 13 | 1 1 1 1 . . 1 1 1 1 1 1 1 . . . . . . 1 1 . . . . Scrap Searched 12 | . . 3 . 2 . . . . . . . . . 2 3 . 2 . . . . . . . Spaces Dug 206 | . 7 . . . 3 2 . . . . . 10 8 16 21 . 16 30 16 . 21 11 43 2 Terrain Destroyed 1173 | . 13 15 . . 30 24 . 1 3 11 9 230 47 74 77 . 73 86 41 . 122 90 134 93 Melee 2 | . . . . . . 2 . . . . . . . . . . . . . . . . . . Projectile 474 | . . . . . 8 1 . 1 3 10 7 75 47 27 1 . 10 36 15 . 62 88 37 46 AOE 600 | . 13 15 . . 22 21 . . . . . 155 . 47 76 . 61 41 9 . 56 . 73 11 Terrain Rammed . | . . . . . . . . . . . . . . . . . . . . . . . . . Walls Destroyed . | . . . . . . . . . . . . . . . . . . . . . . . . . Machines Disabled . | . . . . . . . . . . . . . . . . . . . . . . . . . Actions | -11 -10 -10 -10 -9 -8 -8 -8 -6 -6 -6 -6 -6 -5 -5 -5 -5 -4 -4 -4 -4 -3 -2 -1 -1 --------- Run | Yrd Mat Min Exi Min Mat Sto Rec Fac Ext Cet Arc Hub Fac Upp Upp Zhi Pro Fac Arm Lab Res Res Acc Com Total 29891 | 54 875 497 268 252 985 1591 848 472 1141 386 257 938 1716 1048 734 237 722 933 1657 602 2193 1081 4269 6135 Wait 3022 | . 31 . . 6 58 426 137 18 369 97 72 54 106 25 1 25 9 63 161 380 73 103 371 437 Move 23175 | 40 742 457 266 236 782 1058 640 416 663 218 141 751 1468 1001 709 194 675 739 1131 176 1900 819 3228 4725 Hop . | . . . . . . . . . . . . . . . . . . . . . . . . . Pick Up 307 | 1 12 4 2 1 16 6 2 . 10 12 4 6 14 . 3 1 3 7 25 11 11 10 51 95 Fast Attach 353 | 8 3 . . 2 10 12 . 6 4 7 1 14 15 . 2 5 3 8 30 7 31 20 44 121 Attach 117 | . 2 4 . . 6 . . . . 1 2 5 3 . 1 . 2 6 7 3 10 4 27 34 Detach 37 | . . . . . 1 . . . . . 1 2 1 . . . . 3 1 3 2 1 7 15 Swap 427 | . 8 2 . . 10 11 3 7 4 5 3 9 29 6 6 4 8 22 54 2 19 20 97 98 Drop 487 | 1 9 1 . 3 14 17 2 5 9 19 4 15 24 . 3 5 5 14 43 17 27 23 61 166 Fire 1750 | 4 65 29 . 4 81 37 6 20 42 27 29 79 50 16 9 3 16 71 183 3 118 79 369 410 Melee 6 | . . . . . 4 2 . . . . . . . . . . . . . . . . . . Ram . | . . . . . . . . . . . . . . . . . . . . . . . . . Kick 66 | . 3 . . . 3 12 1 . 4 . . 3 6 . . . 1 . 11 . . 1 10 11 Crush . | . . . . . . . . . . . . . . . . . . . . . . . . . Escape Stasis 32 | . . . . . . 10 . . . . . . . . . . . . . . . 1 4 17 Rewire 106 | . . . . . . . 57 . 36 . . . . . . . . . 11 . 2 . . . Trap 6 | . . . . . . . . . . . . . . . . . . . . . . . . 6 Miscellaneous . | . . . . . . . . . . . . . . . . . . . . . . . . . Route ------- -11/Scrapyard -10/Materials (discovered 5 exits: [*Mat x3] / [*Min] / [*Sub]) -10/Mines (discovered 3 exits: [*Mat x2] / *Exi) -10/Exiles -9/Mines -8/Materials (discovered 3 exits: [*Fac] / *Sto x2) -8/Storage (discovered 2 exits: [*Fac] / *Rec) -8/Recycling -6/Factory (discovered 2 exits: [*Low] / *Ext) -6/Extension (discovered 2 exits: *Fac / *Cet) -6/Cetus (discovered 2 exits: *Fac / [*Arc]) -6/Archives (discovered 3 exits: *Fac / *Hub x2) -6/Hub_04(d) (discovered 4 exits: *Fac x4) -5/Factory (discovered 2 exits: *Upp x2) -5/Upper Caves -5/Upper Caves (discovered 2 exits: *Fac / *Zhi) -5/Zhirov -4/Proximity Caves -4/Factory (discovered 3 exits: Upp x2 / *Arm) -4/Armory (discovered 2 exits: *Res / [*Lab]) -4/Lab -3/Research (discovered 4 exits: *Res x3 / *Tes) -2/Research (discovered 3 exits: *Acc x3) -1/Access -1/Command (discovered 2 exits: [*Sur x2]) 0b11 Command History --------- Turn | Location | Event 3 | -11/Scrapyard | Discovered new exit (range 15) 72 | -11/Scrapyard | Entered Materials 405 | -10/Materials | Discovered new exit (range 9) 503 | -10/Materials | Central database locked down 530 | -10/Materials | Discovered new exit (range 16) 561 | -10/Materials | Build established: Mutant 735 | -10/Materials | Discovered new exit (range 16) 832 | -10/Materials | Discovered new exit (range 15) 1163 | -10/Materials | Discovered new exit (range 11) 1222 | -10/Materials | Entered Mines 1281 | -10/Mines | Core integrity fell below 50% 1310 | -10/Mines | Discovered new exit (range 10) 1394 | -10/Mines | Build established: Scavenger-Mutant 1514 | -10/Mines | Discovered new exit (range 5) 1624 | -10/Mines | Learned Materials interactive machine intel 1702 | -10/Mines | Lost 3 parts (1p2w) 1702 | -10/Mines | Deemed a non-threat by the Exiles lab entrance 1702 | -10/Mines | Discovered new exit (range 5) 1750 | -10/Mines | Received a Rocket Launcher from a helpful Derelict 1857 | -10/Mines | Entered Exiles 1887 | -10/Exiles | Met 8R-AWN 1908 | -10/Exiles | Met EX-HEX 1949 | -10/Exiles | Build established: Mutant 1955 | -10/Exiles | Met EX-DEC 1959 | -10/Exiles | Learned location of Zion (-6) 1979 | -10/Exiles | Met EX-BIN 1995 | -10/Exiles | Aligned with FarCom system 1997 | -10/Exiles | Given EX-Vault access code 2024 | -10/Exiles | Opened EX-Vault 2033 | -10/Exiles | Found Trap Reconfigurator 2060 | -10/Exiles | Warned to stay clear of 0b10 Research branches 2169 | -10/Exiles | Discovered new exit (range 10) 2179 | -10/Exiles | Left Exiles lab with Trap Reconfigurator 2179 | -10/Exiles | Entered Mines 2262 | -9/Mines | Found a damaged Exp. Sensor Array with a note attached 2265 | -9/Mines | Found Prototype Device 2265 | -9/Mines | Identified Exp. Sensor Array 2335 | -9/Mines | A weapon hastily lodged in a ceiling crevice suddenly fell to the ground 2418 | -9/Mines | Identified exit to Materials 2486 | -9/Mines | Entered Materials 2486 | -8/Materials | Evolved 4 slots: Propulsion x2, Utility x1, Weapon x1 2487 | -8/Materials | Loaded intel: 19 interactive machine locations 2514 | -8/Materials | Discovered new exit (range 15) 2985 | -8/Materials | Build established: Scavenger-Skirmisher 3078 | -8/Materials | Discovered new exit (range 7) 3101 | -8/Materials | Identified exit to Storage 3386 | -8/Materials | Destroyed 8 combat bots 3478 | -8/Materials | Discovered new exit (range 4) 3628 | -8/Materials | Central database locked down 3686 | -8/Materials | First assault squad dispatched 3714 | -8/Materials | Entered Storage 3918 | -8/Storage | Met 01-MTF 4412 | -8/Storage | Discovered new exit (range 12) 4428 | -8/Storage | Found Prototype Protection 4428 | -8/Storage | Identified Lgt. Regenerative Plating 4520 | -8/Storage | Assisted by bots powering up and referring to "LRC-V3" 4738 | -8/Storage | Repaired Carbon-fiber Leg 4812 | -8/Storage | Build established: Commander-Skirmisher 4903 | -8/Storage | Discovered new exit (range 8) 5502 | -8/Storage | Entered Recycling 5502 | -8/Recycling | Accompanied by 11 allies (01-MTF) 5979 | -8/Recycling | Discovered new exit (range 16) 6045 | -8/Recycling | Scanned before Scraplab entrance 6057 | -8/Recycling | Destroyed 01-MTF 6067 | -8/Recycling | Found Prototype Energy Gun 6069 | -8/Recycling | Identified KN-7UR's Autopenetrator 6392 | -8/Recycling | Entered Factory 6392 | -6/Factory | Accompanied by 15 allies 6392 | -6/Factory | Evolved 4 slots: Propulsion x1, Utility x2, Weapon x1 6543 | -6/Factory | Discovered new exit (range 5) 6701 | -6/Factory | Lost 6 allies 6794 | -6/Factory | Discovered new exit (range 16) 6926 | -6/Factory | Lost 5 allies 6928 | -6/Factory | Entered Extension 6981 | -6/Extension | Rescued a captive Derelict 6986 | -6/Extension | Rescued a captive Derelict 6987 | -6/Extension | Rescued a captive Derelict 7042 | -6/Extension | Rescued a captive Derelict 7042 | -6/Extension | Rescued a captive Derelict 7061 | -6/Extension | Rescued a captive Derelict 7086 | -6/Extension | Rescued a captive Derelict 7213 | -6/Extension | Rescued a captive Derelict 7228 | -6/Extension | Rescued a captive Derelict 7233 | -6/Extension | Lost 3 allies 7664 | -6/Extension | Spotted B-75 Beast 7682 | -6/Extension | Allies destroyed B-75 Beast 7705 | -6/Extension | Spotted B-75 Beast 7727 | -6/Extension | Allies destroyed B-75 Beast 7736 | -6/Extension | Lost 9 allies 7896 | -6/Extension | Rescued a captive Derelict 7896 | -6/Extension | Rescued a captive Derelict 7972 | -6/Extension | Build established: Hacker-Skirmisher 7985 | -6/Extension | Rescued a captive Derelict 8005 | -6/Extension | Rescued A7 8111 | -6/Extension | Discovered new exit (range 10) 8112 | -6/Extension | Discovered new exit (range 6) 8193 | -6/Extension | Entered Cetus 8193 | -6/Cetus | Accompanied by 10 allies (A7) 8198 | -6/Cetus | Acquired a Cetus Manufacturing Module code from A7 8221 | -6/Cetus | Destroyed Cetus Guard 8224 | -6/Cetus | Spotted Cetus Guard 8225 | -6/Cetus | Spotted Cetus Guard 8225 | -6/Cetus | Spotted Cetus Guard 8233 | -6/Cetus | Destroyed Cetus Guard 8236 | -6/Cetus | Destroyed Cetus Guard 8238 | -6/Cetus | Allies destroyed Cetus Guard 8323 | -6/Cetus | Started Cetus Manufacturing Module 8336 | -6/Cetus | Escorted A7 to Cetus Mainframe 8348 | -6/Cetus | Manufactured an Enhanced Grunt 8348 | -6/Cetus | Discovered new exit (range 15) 8373 | -6/Cetus | Manufactured an Enhanced Grunt 8386 | -6/Cetus | Spotted Cetus Guard 8386 | -6/Cetus | Spotted Cetus Guard 8388 | -6/Cetus | Destroyed Cetus Guard 8391 | -6/Cetus | Destroyed Cetus Guard 8394 | -6/Cetus | Spotted Cetus Guard 8398 | -6/Cetus | Manufactured an Enhanced Grunt 8402 | -6/Cetus | Destroyed Cetus Guard 8414 | -6/Cetus | Discovered new exit (range 15) 8419 | -6/Cetus | Met Revision 17 8423 | -6/Cetus | Manufactured an Enhanced Grunt 8448 | -6/Cetus | Manufactured an Enhanced Grunt 8623 | -6/Cetus | Murdered A7 8627 | -6/Cetus | Extracted ID and sensor layout for unrecognized location from A7's data core 8642 | -6/Cetus | Found Prototype Protection 8642 | -6/Cetus | Identified Med. Regenerative Plating 8669 | -6/Cetus | Build established: Commander-Tank 8672 | -6/Cetus | Entered Archives 8672 | -6/Archives | Accompanied by 12 allies 8720 | -6/Archives | Discovered new exit (range 16) 8755 | -6/Archives | Discovered new exit (range 16) 8870 | -6/Archives | Discovered new exit (range 16) 9024 | -6/Archives | Entered Hub_04(d) 9024 | -6/Hub_04(d) | Accompanied by 10 allies 9046 | -6/Hub_04(d) | Discovered new exit (range 11) 9171 | -6/Hub_04(d) | Build established: Scavenger-Skirmisher 9436 | -6/Hub_04(d) | Network Hub disabled 9520 | -6/Hub_04(d) | Network Hub disabled 9556 | -6/Hub_04(d) | Spotted Lightning 9560 | -6/Hub_04(d) | Spotted Lightning 9562 | -6/Hub_04(d) | Spotted Lightning 9610 | -6/Hub_04(d) | Destroyed Lightning 9618 | -6/Hub_04(d) | System corruption reached 10% 9618 | -6/Hub_04(d) | Found Prototype Device 9618 | -6/Hub_04(d) | Identified Exp. EM Shield 9621 | -6/Hub_04(d) | Destroyed Lightning 9632 | -6/Hub_04(d) | Destroyed Lightning 9648 | -6/Hub_04(d) | Lost 3 parts (1p1n1w) 9664 | -6/Hub_04(d) | Found Prototype Device 9664 | -6/Hub_04(d) | Identified Exp. Phase Shifter 9670 | -6/Hub_04(d) | Found Exp. Phase Shifter 9706 | -6/Hub_04(d) | Found Prototype Processor 9706 | -6/Hub_04(d) | Identified Exp. Targeting Computer 9906 | -6/Hub_04(d) | Found Exp. EM Shield 9969 | -6/Hub_04(d) | Discovered new exit (range 10) 9999 | -6/Hub_04(d) | Discovered new exit (range 8) 10116 | -6/Hub_04(d) | Discovered new exit (range 7) 10130 | -6/Hub_04(d) | Spotted Lightning 10169 | -6/Hub_04(d) | Destroyed Lightning 10176 | -6/Hub_04(d) | Found Prototype Energy Cannon 10241 | -6/Hub_04(d) | Entered Factory 10241 | -5/Factory | Evolved 2 slots: Power x1, Weapon x1 10291 | -5/Factory | Identified exit to Upper Caves 10411 | -5/Factory | Fabricated Exp. Cooling System? 10455 | -5/Factory | Repaired Adv. KE Penetrator? 10898 | -5/Factory | Build established: Scavenger-Gunner 11048 | -5/Factory | P-70 Sage assimilated allied Technician 6a 11213 | -5/Factory | Fabricated M-13 Machinist (x1) 11700 | -5/Factory | Fabricated M-13 Machinist? 11741 | -5/Factory | First assault squad dispatched 11823 | -5/Factory | Central database locked down 12189 | -5/Factory | Entered Upper Caves 12206 | -5/Upper Caves | Learned 4 Factory zone layouts 12282 | -5/Upper Caves | Attracted the attention of an 0b10 checkpoint 12694 | -5/Upper Caves | Discovered new exit (range 13) 12883 | -5/Upper Caves | Identified exit to Upper Caves 13155 | -5/Upper Caves | Entered a destroyed Warlord outpost 13328 | -5/Upper Caves | Entered another Upper Caves area 13384 | -5/Upper Caves | Discovered new exit (range 6) 13389 | -5/Upper Caves | Identified exit to Factory 13405 | -5/Upper Caves | Attracted the attention of an 0b10 checkpoint 13464 | -5/Upper Caves | Spotted B-75 Beast 13608 | -5/Upper Caves | Learned Factory terminal intel 13623 | -5/Upper Caves | Learned Factory security intel 14036 | -5/Upper Caves | Discovered new exit (range 6) 14114 | -5/Upper Caves | Identified exit to Zhirov 14115 | -5/Upper Caves | Entered Zhirov 14115 | -5/Zhirov | Discovered new exit (range 3) 14134 | -5/Zhirov | Met Zhirov 14157 | -5/Zhirov | Learned location of Quarantine (-2) 14157 | -5/Zhirov | Learned location of Command (-1) 14164 | -5/Zhirov | Zhirov requested help retrieving the SGEMP Prototype 14180 | -5/Zhirov | Found Alien Artifact 14180 | -5/Zhirov | Identified Integrated Dissipator 14180 | -5/Zhirov | Installed Integrated Dissipator, increased core heat dissipation (+20) 14277 | -5/Zhirov | Found Alien Artifact 14322 | -5/Zhirov | Cloak Generator disabled 14322 | -5/Zhirov | Attacked by Zhirov 14332 | -5/Zhirov | Enhanced Grunts warped into view 14366 | -5/Zhirov | Identified exit to Proximity Caves 14367 | -5/Zhirov | Entered Proximity Caves 14380 | -4/Proximity Caves | Lost 3 allies 14687 | -4/Proximity Caves | Found Imp. Powered Armor 15083 | -4/Proximity Caves | Discovered exit to Factory (range 9) 15175 | -4/Proximity Caves | Entered Factory 15175 | -4/Factory | Evolved 2 slots: Utility x2 15178 | -4/Factory | Loaded intel: 26 terminal locations 15180 | -4/Factory | Identified EMDS 15208 | -4/Factory | Watched by a mysterious "MATRIX" hacker. 15237 | -4/Factory | Identified exit to Upper Caves 15237 | -4/Factory | Identified exit to Armory 15321 | -4/Factory | Found Prototype Hackware 15321 | -4/Factory | Identified Exp. Hacking Suite 15654 | -4/Factory | Found Prototype Processor 15654 | -4/Factory | Identified Exp. Signal Interpreter 15763 | -4/Factory | Fabricated Enh. Biometal Leg? 16089 | -4/Factory | Fabricated G-67 Veteran? 16214 | -4/Factory | P-70 Sage assimilated allied Veteran 7c 16306 | -4/Factory | Entered Armory 16306 | -4/Armory | Accompanied by 1 ally 16400 | -4/Armory | Found Fusion Bomb Launcher 16999 | -4/Armory | Discovered new exit (range 5) 17056 | -4/Armory | First assault squad dispatched 17068 | -4/Armory | Destroyed 8 combat bots 17192 | -4/Armory | Spotted B-86 Titan 17219 | -4/Armory | Destroyed 9 combat bots 17232 | -4/Armory | Destroyed B-86 Titan 17321 | -4/Armory | Build established: Gunner 17794 | -4/Armory | Build established: Scavenger-Gunner 18004 | -4/Armory | Discovered new exit (range 4) 18346 | -4/Armory | Build established: Gunner 18464 | -4/Armory | Fabricated Enh. Biometal Leg (x1) 18515 | -4/Armory | Fabricated Enh. Biometal Leg (x1) 18577 | -4/Armory | Entered Lab 18577 | -4/Lab | Accompanied by 1 ally 18588 | -4/Lab | Discovered new exit (range 9) 18601 | -4/Lab | Hidden lab's door opened automatically 18601 | -4/Lab | Sensor layout match revealed 18602 | -4/Lab | Gained access to the hidden lab's interior 18878 | -4/Lab | Build established: Mutant 18943 | -4/Lab | Found Prototype Energy Gun 18943 | -4/Lab | Identified Hyp. EM Gauss Rifle 19037 | -4/Lab | Found Hyp. EM Gauss Rifle 19042 | -4/Lab | Found Prototype Device 19045 | -4/Lab | Found Prototype Hackware 19103 | -4/Lab | Found Alien Artifact 19103 | -4/Lab | Identified Integrated Reactor 19103 | -4/Lab | Installed Integrated Reactor, increased core energy generation (+10) 19111 | -4/Lab | Found Alien Artifact 19119 | -4/Lab | Found Alien Artifact 19203 | -4/Lab | Entered Research 19203 | -3/Research | Accompanied by 1 ally 19203 | -3/Research | Evolved 2 slots: Propulsion x1, Weapon x1 19235 | -3/Research | Identified Deep Network Scanner 19403 | -3/Research | Revision forces began assault on 0b10 19519 | -3/Research | Met up with Revision 17++ 19531 | -3/Research | Build established: Hacker-Executioner 19690 | -3/Research | Discovered new exit (range 10) 19708 | -3/Research | Identified exit to Research 19890 | -3/Research | Discovered new exit (range 7) 19903 | -3/Research | Research terminal network offline 19914 | -3/Research | Found Prototype Processor 20005 | -3/Research | Lost 3 allies 20306 | -3/Research | Fabricated Enh. Biometal Leg (x1) 20306 | -3/Research | Spotted Striker 20333 | -3/Research | Lost 7 allies 20348 | -3/Research | Identified exit to Testing 20535 | -3/Research | Found Exp. Hacking Suite 20605 | -3/Research | Found Prototype Processor 20605 | -3/Research | Identified Spectral Analyzer 20798 | -3/Research | Spotted Striker 20818 | -3/Research | Destroyed Striker 20847 | -3/Research | Spotted Striker 20851 | -3/Research | Spotted Executioner 20874 | -3/Research | Spotted Striker 20882 | -3/Research | Spotted Striker 20884 | -3/Research | Spotted Striker 20888 | -3/Research | Lost 3 allies 20912 | -3/Research | Destroyed Striker 20956 | -3/Research | Destroyed Striker 20977 | -3/Research | Destroyed Executioner 20988 | -3/Research | Found Prototype Processor 20988 | -3/Research | Identified Exp. Core Analyzer 20993 | -3/Research | Lost 3 parts (1n2w) 21182 | -3/Research | Spotted Striker 21185 | -3/Research | Spotted Striker 21186 | -3/Research | Spotted Striker 21192 | -3/Research | Destroyed Striker 21195 | -3/Research | Destroyed Striker 21222 | -3/Research | Destroyed Striker 21239 | -3/Research | Spotted Striker 21252 | -3/Research | Lost 3 parts (3w) 21293 | -3/Research | Spotted Striker 21322 | -3/Research | Identified Core Expander 21322 | -3/Research | Identified AEGIS Remote Shield 21322 | -3/Research | Identified Exp. Target Analyzer 21323 | -3/Research | Installed Core Expander, added new Weapon slot 21386 | -3/Research | Spotted Striker 21447 | -3/Research | Spotted Striker 21476 | -3/Research | Destroyed Striker 21494 | -3/Research | Spotted Striker 21516 | -3/Research | Build established: Scavenger-Skirmisher 21561 | -3/Research | Spotted Striker 21573 | -3/Research | Destroyed Striker 21583 | -3/Research | Destroyed Striker 21597 | -3/Research | Lost 4 parts (1p2u1w) 21646 | -3/Research | Destroyed Striker 21761 | -3/Research | Spotted Executioner 21761 | -3/Research | Spotted Striker 21766 | -3/Research | Destroyed Executioner 21780 | -3/Research | Destroyed Striker 21806 | -3/Research | Lost 3 parts (3w) 21836 | -3/Research | Found Corrupted Exp. Core Analyzer 21842 | -3/Research | Found Corrupted Prototype Device 21842 | -3/Research | Identified Adv. Kinecellerator 21895 | -3/Research | Entered another Research area 21895 | -2/Research | Evolved 2 slots: Utility x2 22112 | -2/Research | Build established: Scavenger-Executioner 22260 | -2/Research | Discovered new exit (range 11) 22456 | -2/Research | Spotted B-90 Cyclops 22547 | -2/Research | Identified exit to Access 22645 | -2/Research | First assault squad dispatched 22735 | -2/Research | Targeted by mysterious "MATRIX" hacker. 22981 | -2/Research | Destroyed 7 combat bots 22995 | -2/Research | Unchained authorized (6S-H0T) 23109 | -2/Research | Found Prototype Device 23109 | -2/Research | Identified Exp. Transmission Jammer 23205 | -2/Research | Entered Access 23205 | -1/Access | Evolved 2 slots: Utility x1, Weapon x1 23329 | -1/Access | Garrison activated, responded to threat 23821 | -1/Access | Destroyed 8 combat bots 23955 | -1/Access | First assault squad dispatched 24129 | -1/Access | Crushed by falling debris 24160 | -1/Access | Lost 3 parts (2u1w) 24204 | -1/Access | Spotted B-99 Colossus 24211 | -1/Access | Identified exit to Command 24375 | -1/Access | Destroyed B-99 Colossus 24387 | -1/Access | Spotted B-99 Colossus 24445 | -1/Access | Destroyed B-99 Colossus 24459 | -1/Access | Found Prototype Ballistic Gun 24462 | -1/Access | Found Prototype Ballistic Gun 24469 | -1/Access | Found Prototype Ballistic Gun 24471 | -1/Access | Found Prototype Ballistic Gun 24473 | -1/Access | Identified Multirail (x4) 24635 | -1/Access | Destroyed 9 combat bots 24758 | -1/Access | Destroyed 8 combat bots 25482 | -1/Access | High security lockdown imminent 25562 | -1/Access | High security lockdown engaged 25664 | -1/Access | Spotted Executioner 25664 | -1/Access | Spotted Executioner 25674 | -1/Access | Destroyed Executioner 25677 | -1/Access | Destroyed Executioner 25693 | -1/Access | Found Adv. Kinecellerator 25707 | -1/Access | Found Exp. Core Analyzer 25813 | -1/Access | Found Prototype Launcher 25813 | -1/Access | Identified Tesla Bomb Launcher 25977 | -1/Access | Destroyed 11 combat bots 26095 | -1/Access | Spotted Striker 26098 | -1/Access | Destroyed Striker 26099 | -1/Access | Spotted Striker 26099 | -1/Access | Spotted Executioner 26099 | -1/Access | Spotted Striker 26104 | -1/Access | Spotted B-99 Colossus 26108 | -1/Access | Spotted Investigator 26109 | -1/Access | Spotted Executioner 26109 | -1/Access | Destroyed Striker 26113 | -1/Access | Scanned by Researcher 26115 | -1/Access | Destroyed Executioner 26121 | -1/Access | Spotted Striker 26121 | -1/Access | Spotted Executioner 26125 | -1/Access | Spotted Executioner 26125 | -1/Access | Spotted Striker 26127 | -1/Access | Spotted Investigator 26136 | -1/Access | Destroyed 12 combat bots 26138 | -1/Access | Spotted Striker 26139 | -1/Access | Destroyed B-99 Colossus 26143 | -1/Access | Spotted Executioner 26143 | -1/Access | Spotted Executioner 26153 | -1/Access | Destroyed Investigator 26168 | -1/Access | Destroyed Executioner 26176 | -1/Access | Spotted Striker 26188 | -1/Access | Spotted Striker 26193 | -1/Access | Identified Transdimensional Reconstructor (x2) 26193 | -1/Access | Warped through subspace 26223 | -1/Access | Spotted Investigator 26230 | -1/Access | Sterilization system engaged 26261 | -1/Access | Lost 13 parts (1p1n2u9w) 26289 | -1/Access | Destroyed 28 combat bots 26298 | -1/Access | Destroyed Executioner 26357 | -1/Access | Destroyed Executioner 26369 | -1/Access | Found Exp. Core Analyzer 26401 | -1/Access | Destroyed Striker 26447 | -1/Access | Found Multirail 26448 | -1/Access | Destroyed Investigator 26468 | -1/Access | Build established: Scavenger-Mutant 26478 | -1/Access | Found Prototype Launcher 26478 | -1/Access | Identified Containment Facilitator 26505 | -1/Access | Destroyed 9 combat bots 26530 | -1/Access | Ambient heat levels rising (+10) 26581 | -1/Access | Spotted Executioner 26582 | -1/Access | Destroyed Executioner 26657 | -1/Access | Destroyed 14 combat bots 26680 | -1/Access | Ambient heat levels rising (+10) 26785 | -1/Access | Build established: Scavenger-Gunner 26830 | -1/Access | Ambient heat levels rising (+10) 26980 | -1/Access | Ambient heat levels rising (+10) 27065 | -1/Access | Energy Cycler disabled 27120 | -1/Access | Spotted B-99 Colossus 27130 | -1/Access | Ambient heat levels rising (+10) 27156 | -1/Access | Destroyed B-99 Colossus 27178 | -1/Access | Found Multirail 27183 | -1/Access | Found Multirail 27210 | -1/Access | Build established: Scavenger-Executioner 27276 | -1/Access | Spotted B-99 Colossus 27280 | -1/Access | Ambient heat levels rising (+10) 27310 | -1/Access | Destroyed B-99 Colossus 27324 | -1/Access | Found Multirail 27329 | -1/Access | Found Multirail 27430 | -1/Access | Ambient heat levels rising (+10) 27580 | -1/Access | Ambient heat levels rising (+10) 27730 | -1/Access | Ambient heat levels rising (+10) 27880 | -1/Access | Ambient heat levels rising (+10) 27895 | -1/Access | Spotted B-99 Colossus 28030 | -1/Access | Ambient heat levels rising (+10) 28180 | -1/Access | Ambient heat levels rising (+10) 28248 | -1/Access | Entered Command 28363 | -1/Command | Spotted Combat Programmer 28387 | -1/Command | Spotted Combat Programmer 28393 | -1/Command | Destroyed Combat Programmer 28399 | -1/Command | Destroyed Combat Programmer 28415 | -1/Command | Spotted M Guard 28417 | -1/Command | Spotted M Guard 28424 | -1/Command | High security lockdown imminent 28500 | -1/Command | Destroyed 13 combat bots 28504 | -1/Command | High security lockdown engaged 28543 | -1/Command | Destroyed M Guard 28564 | -1/Command | Found Prototype Device 28564 | -1/Command | Identified Thermal Barrier 28567 | -1/Command | Found Prototype Reactor 28567 | -1/Command | Identified Zero-point Reactor 28571 | -1/Command | Found Zero-point Reactor 28575 | -1/Command | Spotted Striker 28576 | -1/Command | Spotted Executioner 28577 | -1/Command | Spotted Executioner 28578 | -1/Command | Spotted Executioner 28616 | -1/Command | Destroyed Striker 28620 | -1/Command | Destroyed Executioner 28631 | -1/Command | Destroyed Executioner 28634 | -1/Command | Destroyed Executioner 28704 | -1/Command | Destroyed Executioner 28755 | -1/Command | Destroyed 31 combat bots 28760 | -1/Command | Found Adv. Kinecellerator 28845 | -1/Command | Destroyed Executioner 28851 | -1/Command | Spotted Striker 28855 | -1/Command | Destroyed Investigator 28859 | -1/Command | Spotted Executioner 28873 | -1/Command | Destroyed Striker 28883 | -1/Command | Destroyed Executioner 28924 | -1/Command | Destroyed 18 combat bots 28984 | -1/Command | Found Exp. Core Analyzer 29008 | -1/Command | Spotted Investigator 29009 | -1/Command | Destroyed Investigator 29080 | -1/Command | Spotted Investigator 29085 | -1/Command | Spotted Executioner 29085 | -1/Command | Spotted Striker 29087 | -1/Command | Destroyed Investigator 29090 | -1/Command | Destroyed Executioner 29090 | -1/Command | Spotted Striker 29090 | -1/Command | Spotted Striker 29090 | -1/Command | Spotted Striker 29100 | -1/Command | Destroyed Striker 29105 | -1/Command | Destroyed Striker 29108 | -1/Command | Destroyed Striker 29114 | -1/Command | Destroyed Striker 29143 | -1/Command | Destroyed 25 combat bots 29176 | -1/Command | Destroyed Striker 29331 | -1/Command | Spotted Executioner 29332 | -1/Command | Spotted Executioner 29333 | -1/Command | Destroyed Executioner 29338 | -1/Command | Destroyed Executioner 29341 | -1/Command | Destroyed Executioner 29346 | -1/Command | Spotted Striker 29347 | -1/Command | Spotted Striker 29349 | -1/Command | Destroyed Striker 29353 | -1/Command | Spotted Executioner 29360 | -1/Command | Spotted Striker 29361 | -1/Command | Spotted Executioner 29363 | -1/Command | Spotted Executioner 29374 | -1/Command | Destroyed Striker 29376 | -1/Command | Destroyed Striker 29401 | -1/Command | System corruption reached 10% 29428 | -1/Command | Lost 5 parts (5w) 29430 | -1/Command | Core integrity fell below 50% 29434 | -1/Command | Destroyed Executioner 29454 | -1/Command | Destroyed Executioner 29461 | -1/Command | Destroyed Executioner 29487 | -1/Command | Lost 4 parts (1n3w) 29495 | -1/Command | Destroyed 37 combat bots 29587 | -1/Command | Found Prototype Launcher 29587 | -1/Command | Identified Adv. Micro-nuke Launcher 29666 | -1/Command | Spotted Striker 29666 | -1/Command | Spotted Striker 29668 | -1/Command | Destroyed Striker 29696 | -1/Command | Destroyed Striker 29700 | -1/Command | Lost 9 parts (1n2u6w) 29717 | -1/Command | Destroyed 12 combat bots 29750 | -1/Command | Found Prototype Protection 30987 | -1/Command | Spotted B-99 Colossus 31020 | -1/Command | Destroyed B-99 Colossus 31030 | -1/Command | Found Multirail 31036 | -1/Command | Found Multirail 32080 | -1/Command | Spotted Alpha 7 32086 | -1/Command | Spotted Striker 32091 | -1/Command | Destroyed Striker 32093 | -1/Command | Spotted Executioner 32099 | -1/Command | Destroyed Executioner 32108 | -1/Command | Destroyed Alpha 7 32139 | -1/Command | Found Exp. Target Analyzer 32142 | -1/Command | Found Prototype Device 32142 | -1/Command | Identified Exp. ECM Suite 32158 | -1/Command | Found Multirail 32197 | -1/Command | Spotted Executioner 32206 | -1/Command | Spotted Striker 32206 | -1/Command | Spotted Alpha 7 32206 | -1/Command | Spotted Executioner 32231 | -1/Command | Destroyed Striker 32256 | -1/Command | Destroyed Executioner 32259 | -1/Command | Spotted B-99 Colossus 32266 | -1/Command | Destroyed Executioner 32271 | -1/Command | Destroyed Alpha 7 32294 | -1/Command | Found Multirail 32306 | -1/Command | Destroyed B-99 Colossus 32316 | -1/Command | Found Multirail 32322 | -1/Command | Found Multirail 32369 | -1/Command | Found Exp. Core Analyzer 32375 | -1/Command | Found Adv. Kinecellerator 32380 | -1/Command | Found Adv. Kinecellerator 32385 | -1/Command | Found Prototype Energy Gun 32385 | -1/Command | Identified Enh. Gamma Rifle 32422 | -1/Command | Spotted Executioner 32456 | -1/Command | Destroyed Executioner 32460 | -1/Command | Spotted B-99 Colossus 32469 | -1/Command | Destroyed B-99 Colossus 32506 | -1/Command | Found Multirail 32518 | -1/Command | Found Multirail 32786 | -1/Command | Destroyed M Guard 32786 | -1/Command | All MAIN.C guards destroyed 32868 | -1/Command | Found Zero-point Reactor 32873 | -1/Command | Found AEGIS Remote Shield 33119 | -1/Command | Found Thermal Barrier 33145 | -1/Command | Found Zero-point Reactor 33167 | -1/Command | Found Prototype Protection 33169 | -1/Command | Found Exp. Targeting Computer 33805 | -1/Command | Met MAIN.C 33823 | -1/Command | 0b10 Conduit disabled 33828 | -1/Command | Destroyed MAIN.C Shell 33831 | -1/Command | MAIN.C activated Command garrisons 33852 | -1/Command | Destroyed MAIN.C 33864 | -1/Command | Discovered new exit (range 42) 33864 | -1/Command | Discovered new exit (range 99) 33864 | -1/Command | Extracted map data and part IDs from MAIN.C's data core 33868 | -1/Command | Found Exp. Powered Armor 34077 | -1/Command | Core integrity fell below 20% 34101 | -1/Command | Spotted B-99 Colossus 34109 | -1/Command | Destroyed B-99 Colossus 34378 | -1/Command | Found Exp. System Purifier 34480 | -1/Command | Found Exp. Weapon Cycler 34489 | -1/Command | Found Zero-point Reactor 34491 | -1/Command | Found Zero-point Reactor 35125 | -1/Command | Found Exp. Target Analyzer 35201 | -1/Command | Found Exp. Targeting Computer 35383 | *** | Establishing 0b11! Last Messages --------------- 35135_ Slug penetrates Earth. 35136_ Earth collapses. 35139_ Slug penetrates Reinforced Barrier. 35139_ Slug penetrates Earth. 35139_ Slug penetrates Reinforced Barrier. 35139_ Slug penetrates Wall. 35139_ Slug penetrates Reinforced Barrier. 35139_ Slug penetrates Wall. 35139_ Slug penetrates Reinforced Barrier. 35139_ Slug penetrates Wall. 35139_ Slug penetrates Reinforced Barrier. 35161_ Acquired 61 matter. 35170_ Acquired 113 matter. 35201_ Acquired Exp. Targeting Computer. 35207_ Acquired 3 matter. 35211_ Acquired 1 matter. 35213_ Acquired 16 matter. 35219_ K-01 Serf collects debris. 35369_ Acquired Railgun+. [Achievement: Leg Day] Map ----- +----------------------------------------------------+ | ?# #??# #???????# #????# # # ! ######### | | ## #??# #???????# #????# =# # #???????? | | ####+######### ####?######## # #???????? | | #### # #????????# # #???????? | | ???# # #????????# # #???????? | | ???# ] # ########## # = #???????? | | ???# # # #???????? | | ???# "" # #### # #???????? | | ???# """" # #??# ##+####???????? | | ???# """" # #??# #??????????? | | ???# "" + ##+####+########???????? | | ???# # ## #???????? | | ???# ! # ## #???????? | | ???# """ """ ######### ## ! #???????? | | ???# """T""" #???????# ## ! #???????? | | ??###+###########???????# + #???????? | | ### #?????????########+## #???????? | | #?????????# ##########+####???????? | | #?????????#! ] #??????# #???????? | | ### #?????????# #??????# #???????? | | #########????????# = #????### = #???????? | | "" #????????###########????# # ##??????? | | T"" #??????????????##########;# """######## | | "" #??????????????# # [ " ###?????? | | #??????????????# + "#?#?##### | | ###########????# @ ##### # T#?#?#"""" | | #! #????# #???# # ""#?#?#"" | | "" + =#????#####???# #= ""#?#?#"""" | | """" #]! #????????????#= # ! ""#?#?#"""" | | """" #]! !#????????????#=!+%! #?#?#" | | "" #] #????????????# #[ #?#?#" | | # #????????????#[ ########?#?#"" | | # ####?????????# !#????????#?# " | | ##+###### + #?????????# #????????#?# " | | #########+###### #????######* #????????#?# | | #????# #???## #% #????????#?#"""" | | #????# #???# !! #! #????????#?#"" | | ############+###### !! #!%#????????#?# | | "" #????# # !! # *####?????#?# | | """" #????# # # =!######### | | """" #????# "" # #= !%!!! | | "" #????# """" # =!+%T"*%[=![=[ [ | | ###### """" " !" %[!*=%[= ! *%! | | # "" " ] #!=]!%##!"##### ! " | | % +[= ########+#######?#?# " | | ######+#### %# #??# * #???#?# | | ?# ##%=# #??# !%[ #???#?##### | | ## ##! # % #??#=[!["" #???#?????? | | ## ## " [ #??# =%"""" #???####### | | ## ## " #### [ """ #?????????? | +----------------------------------------------------+ Best States ------------- Heat Dissipation 228 Coolant Potential 120 Energy Generation 71 Energy Capacity 600 Matter Stores 300 Matter Capacity 300 Sight Range 24 Robot Scan Range 16 Terrain Scan Range 24 Terrain Scan Density 10 Jamming Range 22 Base Temperature (-) 200 Armor Coverage 675 Resistance: TH 50 Resistance: EM 75 Utility Shielding 66 Weapon Cycling 30 Phase Shifting 20 Evasion (%) 104 Targeting Accuracy 24 Target Analysis 10 Core Analysis 11 Armor Integrity Analysis 40 Recoil Reduction 6 Kinecelleration 50 Salvage Targeting 4 Offensive Hacking 41 Defensive Hacking 12 Authchip Count 2 Trap Extractor Capacity 8 Item Schematics ----------------- Adv. Cryofiber Web | -5/Factory | Hacked Enh. Biometal Leg | -5/Factory | Scanalyzed Exp. Heat Sink | -5/Zhirov | Free Assault Drone Bay | -5/Zhirov | Free Exp. Optical Array | -5/Zhirov | Free Imp. Arc Thrower | -5/Zhirov | Free Robot Schematics ------------------ M-13 Machinist | -10/Materials | Hacked Fabricated ------------ Exp. Cooling System | x1 | -5/Factory | Preloaded M-13 Machinist | x1 | -5/Factory M-13 Machinist | x1 | -5/Factory Enh. Biometal Leg | x1 | -4/Factory G-67 Veteran | x3 | -4/Factory | Preloaded Enh. Biometal Leg | x1 | -4/Armory | Authchip Enh. Biometal Leg | x1 | -4/Armory | Authchip Enh. Biometal Leg | x1 | -3/Research Repaired ---------- Carbon-fiber Leg | 35% | -8/Storage Adv. KE Penetrator | 11% | -5/Factory Studied --------- Aluminum Leg | -8/Materials | Hacked Lrn. Missile Launcher | -5/Factory | Hacked Arm. Leg | -5/Factory | Hacked Centrium Leg | -3/Research | Hacked Railgun | -3/Research | Hacked Myomer Leg | -2/Research | Hacked Hvy. Machine Gun | -2/Research | Hacked KE Penetrator | -1/Access | Hacked Alien Tech Used ----------------- Integrated Dissipator Integrated Reactor Core Expander Transdimensional Reconstructor Achievements -------------- Gun Specialist Leg Day Challenges ------------ None Game ------ Seed SurveybotAssembledLance Manual? 0 Play Time 06:06:35 Cumulative 906.1 hours Start 2026.06.16 @ 19:18:15 End 2026.06.17 @ 02:20:58 Sessions 1 Manual Loads 0 Difficulty Rogue Special Mode None Game No. 255 Rogue 255 Adventurer 0 Explorer 0 Win Type 1 Total 36 Types 12/6/9/1/2/0/2/1/1/2 Lore% 96 Gallery% 90 Achievement% 85 Wizard Run 0 Options --------- Layout 1 ASCII 0 Keyboard 0 Movement Mouse Keybinds 0 Fullscreen 2 Font 32/SmallcapsGlow Map View 50x35 Zoom Use 0% Tactical HUD 1 Map Filters NONE Filters NONE Steam 1 RUN: 88d08263-011f-428d-b313-6f6bbe59d26b